 Dungeon Crawl Stone Soup version 0.31-a0-995-g04711c9635 (webtiles) character file.

Game seed: 13070154601282895281

1442241 Flugkiller the Eclecticist (level 25, 204/204 HPs)
             Began as a Mummy Air Elementalist on Nov 6, 2023.
             Was the Champion of Sif Muna.
             Escaped with the Orb
             ... and 3 runes!
             The game lasted 02:47:01 (93036 turns).

Flugkiller the Eclecticist (MuAE)                  Turns: 93036, Time: 02:47:01

Health: 204/204    AC: 20    Str: 10 (12) XL:     25   Next: 83%
Magic:  47/47      EV: 18    Int: 28      God:    Sif Muna [******]
Gold:   4717       SH: 15    Dex: 20 (24) Spells: 11/64 levels left

rFire   + . .        E - staff of conjuration
rCold   + + +        J - +2 shield of Resistance {rF++ rC++ Will++}
rNeg    + + +        s - +0 robe of Greed {rElec Dex+5 Stlth- Archmagi}
rPois   ∞            b - +2 helmet {Int+3}
rElec   +            i - +4 dragonskin cloak
rCorr   +            w - +2 pair of gloves {Dex+3}
SInv    +            g - +2 pair of boots
Will    +++++        e - amulet "Otraloy" {Spirit Regen+}
Stlth   +            c - +4 ring of protection
HPRegen 1.34/turn    L - ring of a Thousand Bones {Fly rN+ rCorr Int+3 SInv}
MPRegen 0.30/turn

%: guardian spirit, faith, archmagi
@: flying, studying Hexes
A: cold resistance 1, negative energy resistance 3, torment resistance 2, heat
vulnerability 1, in touch with death 2, no potions, faith
0: Orb of Zot
}: 3/15 runes: decaying, serpentine, slimy
a: Renounce Religion, Channel Magic, Forget Spell, Divine Exegesis


You escaped.
You worshipped Sif Muna.
Sif Muna was exalted by your worship.
You visited 10 branches of the dungeon, and saw 51 of its levels.
You visited the Abyss 1 time.
You visited 1 bazaar.
You also visited: Sewer, Ossuary, Bailey, Gauntlet, Ice Cave and Volcano.

You collected 7911 gold pieces.
You spent 3194 gold pieces at shops.

Inventory:

Hand Weapons
 u - the +5 dagger of Purpose {freeze, rCorr Int+3 Dex+6}
   (You found it on level 7 of the Dungeon)

   Int+3:     It affects your intelligence (+3).
   Dex+6:     It affects your dexterity (+6).
   rCorr:     It protects you from acid and corrosion.
Missiles
 r - 19 curare-tipped darts
 v - 4 throwing nets
Armour
 b - a +2 helmet of intelligence (worn)
   (You found it on level 3 of the Elven Halls)
 g - a +2 pair of boots (worn)
   (You found it on level 4 of the Dungeon)
 i - the +4 dragonskin cloak (worn)
   (You took it off Tiamat on level 4 of the Realm of Zot)

   Avatar's Aegis: It grants the wearer a chance to resist fire, cold, poison,
   electricity, acid, and negative energy.
 s - the +0 robe of Greed (worn) {rElec Dex+5 Stlth- Archmagi}
   (You found it on level 3 of the Elven Halls)

   Dex+5:     It affects your dexterity (+5).
   rElec:     It insulates you from electricity.
   Stlth-:    It makes you less stealthy.
   Archmagi:  It increases the power of your magical spells.
 w - a +2 pair of gloves of dexterity (worn)
   (You bought it in a shop on level 12 of the Dungeon)
 x - a +2 robe of resistance
   (You took it off Psyche on level 8 of the Dungeon)
 J - the +2 shield of Resistance (worn) {rF++ rC++ Will++}
   (You found it on level 9 of the Dungeon)

   rF++:      It greatly protects you from fire.
   rC++:      It greatly protects you from cold.
   Will++:    It greatly increases your willpower.
Magical Staves
 E - a staff of conjuration (weapon)
   (You acquired it on level 1 of the Snake Pit)
Jewellery
 c - a +4 ring of protection (left hand)
   (You found it on level 4 of the Swamp)
 d - a +6 ring of intelligence
   (You found it on level 3 of the Realm of Zot)
 e - the amulet "Otraloy" (around neck) {Spirit Regen+}
   (You bought it in a shop on level 2 of the Snake Pit)

   [amulet of guardian spirit]

   Spirit:    It causes incoming damage to be divided between your reserves of
   health and magic.
   Regen+:    It increases your rate of health regeneration.
 l - a ring of fire
   (You bought it in a shop on level 2 of the Dungeon)
 m - a ring of willpower
   (You found it on level 6 of the Dungeon)
 I - a +4 ring of protection
   (You found it on level 13 of the Dungeon)
 L - the ring of a Thousand Bones (right hand) {Fly rN+ rCorr Int+3 SInv}
   (You found it on level 2 of the Vaults)

   [ring of resist corrosion]

   Int+3:     It affects your intelligence (+3).
   rN+:       It protects you from negative energy.
   SInv:      It lets you see invisible.
   Fly:       It grants you flight.
   rCorr:     It protects you from acid and corrosion.
Wands
 j - a wand of paralysis (46)
   (You took it off an orc warrior on level 5 of the Dungeon)
 k - a wand of iceblast (26)
   (You found it on level 4 of the Dungeon)
 o - a wand of flame (105)
   (You found it on level 6 of the Dungeon)
 y - a wand of acid (26)
   (You found it on level 9 of the Dungeon)
 D - a wand of mindburst (48)
   (You found it on level 4 of the Lair of Beasts)
 K - a wand of polymorph (13)
   (You found it in an ice cave)
 N - a wand of digging (7)
   (You bought it in a shop on level 2 of the Snake Pit)
Scrolls
 a - 4 scrolls of torment
 f - a scroll of silence
 h - 10 scrolls of fog
 n - 5 scrolls of vulnerability
 p - 3 scrolls of enchant armour
 q - 8 scrolls of revelation
 t - 5 scrolls of teleportation
 z - 3 scrolls of blinking
 A - 7 scrolls of amnesia
 B - 6 scrolls of poison
 C - 9 scrolls of immolation
 F - 6 scrolls of fear
 G - 6 scrolls of summoning
Miscellaneous
 H - a lightning rod (4/4)
   (You found it on level 2 of the Swamp)
 M - a phial of floods
   (You found it in an ice cave)


   Skills:
 + Level 18.2 Fighting
 - Level 11.0 Dodging
 - Level 1.5 Stealth
 - Level 12.0 Shields
 - Level 20.0 Spellcasting
 - Level 17.0 Conjurations
 - Level 15.0 Summonings
 - Level 9.0 Transmutations
 - Level 9.0 Air Magic
 - Level 15.0 Earth Magic
 - Level 15.0 Invocations
 - Level 10.0 Evocations


You had 11 spell levels left.
You knew the following spells:

 Your Spells              Type           Power      Damage    Failure   Level
d - Arcjolt               Conj/Air       61%        1d71      1%          5
e - Spellforged Servitor  Conj/Summ      66%        N/A       4%          7
f - Bombard               Conj/Erth      66%        9d11      1%          6
g - Summon Cactus Giant   Summ           53%        N/A       1%          6
h - Lehudib's Crystal Sp  Conj/Erth      66%        10d15     34%         8
i - Irradiate             Conj/Tmut      61%        3d32      1%          5
j - Monstrous Menagerie   Summ           53%        N/A       7%          7
k - Conjure Ball Lightni  Conj/Air       61%        3x3d22    2%          6
w - Swiftness             Air            87%        N/A       1%          3

Your spell library contained the following spells:

 Spells                   Type           Power      Damage    Failure   Level
 Magic Dart               Conj           100%       1d8       0%          1
 Sandblast                Erth           100%       2d20      0%          1
 Summon Small Mammal      Summ           100%       N/A       0%          1
 Call Imp                 Summ           100%       N/A       0%          2
 Searing Ray              Conj           100%       2d8       0%          2
 Stone Arrow              Conj/Erth      100%       3d13      0%          3
 Foxfire                  Conj/Fire      100%       2x1d9     1%          1
 Kiss of Death            Conj/Necr      100%       2d13      1%          1
 Shock                    Conj/Air       100%       1d9       1%          1
 Sting                    Tmut/Pois      100%       1d8       1%          1
 Cigotuvi's Dreadful Rot  Necr/Pois/Air  100%       N/A       1%          2
 Momentum Strike          Conj/Tloc      100%       3d10      1%          2
 Passwall                 Tmut/Erth      80%        N/A       1%          2
 Poisonous Vapours        Pois/Air       100%       N/A       1%          2
 Static Discharge         Conj/Air       100%       3-8/arc   1%          2
 Call Canine Familiar     Summ           100%       N/A       1%          3
 Dazzling Flash           Conj/Hex       100%       N/A       1%          3
 Hailstorm                Conj/Ice       100%       3d20      1%          3
 Mephitic Cloud           Conj/Pois/Air  100%       N/A       1%          3
 Summon Guardian Golem    Hex/Summ       81%        N/A       1%          3
 Airstrike                Air            43%        2d(7-23)  1%          4
 Animate Armour           Summ/Erth      100%       N/A       1%          4
 Brom's Barrelling Bould  Conj/Erth      100%       2d11      1%          4
 Flame Wave               Conj/Fire      100%       2d21      1%          4
 Fulminant Prism          Conj/Hex       53%        3d23      1%          4
 Iskenderun's Mystic Bla  Conj/Tloc      100%       2d19      1%          4
 Leda's Liquefaction      Hex/Erth       40%        N/A       1%          4
 Petrify                  Tmut/Erth      97%        N/A       1%          4
 Sticky Flame             Conj/Fire      100%       2d11      1%          4
 Summon Ice Beast         Ice/Summ       81%        N/A       1%          4
 Summon Lightning Spire   Summ/Air       97%        N/A       1%          4
 Iskenderun's Battlesphe  Conj           100%       2d15      1%          5
 Lee's Rapid Deconstruct  Erth           53%        3d25*     1%          5
 Apportation              Tloc           84%        N/A       3%          1
 Freeze                   Ice            100%       1d10      3%          1
 Necrotise                Necr           100%       1d9       3%          1
 Slow                     Hex            100%       N/A       3%          1
 Ignite Poison            Fire/Tmut/Pois 61%        N/A       3%          3
 Fireball                 Conj/Fire      53%        3d21      3%          5
 Freezing Cloud           Conj/Ice/Air   53%        6-21      3%          5
 Orb of Destruction       Conj           67%        9d16      3%          7
 Borgnjor's Vile Clutch   Necr/Erth      62%        N/A       4%          5
 Summon Forest            Summ/Tloc      40%        N/A       4%          5
 Summon Mana Viper        Hex/Summ       81%        N/A       4%          5
 Blink                    Tloc           84%        N/A       5%          2
 Ensorcelled Hibernation  Hex/Ice        84%        N/A       5%          2
 Jinxbite                 Hex            84%        N/A       5%          2
 Lesser Beckoning         Tloc           84%        N/A       5%          2
 Scorch                   Fire           84%        2d8       5%          2
 Vhi's Electric Charge    Tloc/Air       100%       N/A       6%          4
 Summon Hydra             Summ           53%        N/A       7%          7
 Confusing Touch          Hex            42%        N/A       11%         3
 Frozen Ramparts          Ice            84%        1d13      11%         3
 Gell's Gravitas          Tloc           42%        N/A       11%         3
 Inner Flame              Hex/Fire       42%        N/A       11%         3
 Ozocubu's Armour         Ice            42%        N/A       11%         3
 Sigil of Binding         Hex            42%        N/A       11%         3
 Teleport Other           Tloc           42%        N/A       11%         3
 Tukima's Dance           Hex            42%        N/A       11%         3
 Vampiric Draining        Necr           76%        2d11      11%         3
 Volatile Blastmotes      Fire/Tloc      84%        2d17      11%         3
 Alistair's Intoxication  Tmut/Pois      45%        N/A       16%         5
 Silence                  Hex/Air        34%        N/A       16%         5
 Yara's Violent Unravell  Hex/Tmut       34%        3d14      16%         5
 Starburst                Conj/Fire      53%        6d14      17%         6
 Anguish                  Hex/Necr       38%        N/A       36%         4
 Animate Dead             Necr           76%        N/A       36%         4
 Cause Fear               Hex            21%        N/A       36%         4
 Dimensional Bullseye     Hex/Tloc       21%        N/A       36%         4
 Dispel Undead            Necr           76%        3d25      36%         4
 Manifold Assault         Tloc           42%        N/A       36%         4
 Olgreb's Toxic Radiance  Pois           42%        N/A       36%         4
 Passage of Golubria      Tloc           42%        N/A       36%         4
 Summon Horrible Things   Summ           53%        N/A       45%         8
 Eringya's Noxious Bog    Tmut/Pois      34%        4d6       65%         6
 Plasma Beam              Fire/Air       34%        2x1d47    65%         6
 Agony                    Necr           76%        N/A       71%         5
 Metabolic Englaciation   Hex/Ice        21%        N/A       71%         5
 Haunt                    Necr/Summ      62%        N/A       82%         7
 Malign Gateway           Summ/Tloc      40%        N/A       82%         7
 Death Channel            Necr           38%        N/A       99%         6
 Dispersal                Tloc           21%        N/A       99%         6
 Simulacrum               Ice/Necr       38%        N/A       99%         6
 Maxwell's Capacitive Co  Air            43%        ∞         99%         8
 Enfeeble                 Hex            21%        N/A       100%        7
 Ozocubu's Refrigeration  Ice            21%        4d12      100%        7
 Discord                  Hex            21%        N/A       100%        8
 Disjunction              Tloc           21%        N/A       100%        8
 Ignition                 Fire           21%        3d8       100%        8
 Infestation              Necr           38%        N/A       100%        8
 Chain Lightning          Conj/Air       61%        3d82      100%        9
 Dragon's Call            Summ           53%        N/A       100%        9
 Fire Storm               Conj/Fire      53%        8d13      100%        9
 Polar Vortex             Ice            21%        12d2*     100%        9
 Shatter                  Erth           53%        3d40*     100%        9
 Wereblood                Tmut           Unusable   N/A       N/A         2

Dungeon Overview and Level Annotations

Branches:
Dungeon (15/15)            Temple (0/1) D:7            Lair (5/5) D:9
  Swamp (4/4) Lair:2        Snake (4/4) Lair:3        Slime (5/5) Lair:5
    Orc (2/2) D:12            Elf (3/3) Orc:2        Vaults (4/5) D:13
  Crypt (0/3) Vaults:3     Depths (4/4) D:15            Zot (5/5) Depths:4
  Sewer (visited)         Ossuary (visited)          Bailey (visited)
  IceCv (visited)         Volcano (visited)         Gauntlet (visited)

Altars:
Ashenzari
Cheibriados
Hepliaklqana
Kikubaaqudgha
Okawaru
Ru
Sif Muna
Trog
Uskayaw
Vehumet
Xom
Jiyva

Shops:
D:2 *   D:8 :   D:12 [   D:15 !   Orc:2 (**?:   Elf:2 !   Elf:3 [(=[(
Snake:2 :!**   Snake:4 (   Vaults:3 [   Vaults:4 (

Portals:
Hell: Depths:1 Depths:2 Depths:3 Depths:4
Abyss: Depths:3
Pandemonium: Depths:1 Depths:2
Ziggurat: Depths:1

Annotations:
D:3 2 runed translucent doors, Dirtsage's ghost, amateur OpSh
D:8 exclusion: acid dragon
D:9 1 runed translucent door
D:11 exclusion: two-headed ogre
Lair:3 1 runed translucent door
Swamp:3 1 runed translucent door, Nebesus's ghost, adept MiBe
Snake:1 Roxanne
Orc:1 3 runed translucent doors, Foklal's ghost, journeyman HOFi
Elf:2 3 runed translucent doors
Vaults:4 Mennas


Innate Abilities, Weirdness & Mutations

You are immune to poison.
Your flesh is cold resistant. (rC+)
You are immune to negative energy. (rN+++)
You are immune to unholy pain and torment.
You are vulnerable to heat. (rF-)
You are strongly in touch with the powers of death.
You do not drink.
You have a special connection with the divine. (Faith)


Message History

There is a stone staircase leading down here.
You see here a +2 heavy flail.
Things that are here:
a +0 plate armour; a +0 glaive of freezing
There is an open door here.
There is a stone staircase leading up here.
You fly upwards.
Level annotation: exclusion: acid dragon
There is a stone staircase leading down here.
There is a stone staircase leading up here.
You fly upwards.
There is a stone staircase leading down here.
Things that are here:
a +0 robe; a +0 dagger
Things that are here:
a +0 halberd; a +0 flail; a +0 halberd
Items here: ( )))))))) [[[.
There is a stone staircase leading up here.
You fly upwards.
There is a stone staircase leading down here.
There is a stone staircase leading up here.
You fly upwards.
There is a stone staircase leading down here.
There is a stone staircase leading up here.
You fly upwards.
There is a stone staircase leading down here.
There is a stone staircase leading up here.
You fly upwards.
Level annotation: 2 runed translucent doors, Dirtsage's ghost, amateur OpSh
There is a stone staircase leading down here.
There is an open door here.
Things that are here:
a +0 ring mail; a stone; a +0 dagger
There is an open door here.
The bullfrog croaks.
You hear an angry hiss.
An Orb Guardian comes into view.
Unknown command.
Casting: Bombard (mildly dangerous; 1% risk of failure)
Confirm with . or Enter, or press ? or * to list all spells.
You feel a strong surge of power!
You summon a servant imbued with your destructive magic!
An Orb Guardian comes into view.
You swap places.
Your spellforged servitor gestures at the Orb Guardian while chanting.
The crystal spear misses the Orb Guardian.
There is an open door here.
The Orb Guardian hits your spellforged servitor.
Your spellforged servitor casts a spell at the Orb Guardian.
The crystal spear hits the Orb Guardian!!!!
The Orb Guardian hits your spellforged servitor!
The Orb Guardian barely misses your spellforged servitor.
Your spellforged servitor casts a spell at the Orb Guardian.
The crystal spear hits the Orb Guardian!!!!
The Orb Guardian dies!
Sif Muna accepts your kill.
You feel your intelligence returning.
The Orb Guardian hits your spellforged servitor!!
Something hits your spellforged servitor!!
Your spellforged servitor is destroyed!
Your spellforged servitor disappears in a puff of smoke!
There is a stone staircase leading up here.
You fly upwards.
There is a stone staircase leading down here.
Magic restored.
A shadow demon comes into view.
Casting: Spellforged Servitor (dangerous; 4% risk of failure)
Confirm with . or Enter, or press ? or * to list all spells.
You feel a strong surge of power!
You summon a servant imbued with your destructive magic!
You swap places.
A demonspawn warmonger comes into view.
It is wielding a +3 double sword of electrocution, wearing a +3 plate armour of cold resistance and wearing a +0 tower shield of fire resistance.
The shadow demon gestures.
Send 'em back where they came from!
Your spellforged servitor shudders.
The demonspawn warmonger mumbles some strange prayers to its god against you.
Your magic feels tainted.
A demonspawn corrupter comes into view. It is wielding a +0 great sword.
Your spellforged servitor casts a spell at the demonspawn warmonger.
The crystal spear hits the demonspawn corrupter!!!!
The demonspawn corrupter hits your spellforged servitor with a +0 great sword!!
The demonspawn corrupter kicks your spellforged servitor!
Your spellforged servitor gestures at the demonspawn corrupter while chanting.
The crystal spear hits the demonspawn corrupter!!!
The demonspawn corrupter dies!
Sif Muna accepts your kill.
There is a stone staircase leading up here.
Your spellforged servitor gestures at the demonspawn warmonger while chanting.
The crystal spear hits the shadow demon!!!
The shadow demon dies!
Sif Muna accepts your kill.
You fly upwards.
There is a stone staircase leading down here.
You see here a pink potion.
A nearby plant withers and dies.
Magic restored.
Your magic seems less tainted.
There is a staircase leading out of the dungeon here.
Unknown command.
Enter note: gg You have escaped!

#PPPP......P.PPP#>....###.##..#
#PPPPP.P.P.PP.PP#.............#
#PPPPP.....PPPPP#.#.##.#...##.#
#PPP..PP.PP..PP.....##........#
#PP.PP....PPP.PP...(..........#
#PP.PP.PPP.PP.PP...!.........##
#P.PP.PP.PP.PP.P....####.÷.###
###P.P.PP.P.PP.P.P....# #...#
.....P.P.PPP.P.P@P###.# ##.##
###P.P.PP.P.PP.P.P# #.# #.#


###P.PP.PP.PP.PP.P# #.# #)# ....P.PP.PPP.PP.PP# #.# #.# ##.PP.PPP...PPP.PP###.##
#.# #..PP..PPPPP..PPP##...####.# #.PPPPP.....PPPPP..........#
##.PPPPPPPPPPPPPPP##...###### ...PPPPPPPPPPPPPPP###.## There were no monsters in
sight!

Vanquished Creatures
  the Royal Jelly (Slime:5)
  A dread lich (Zot:5)
  Tiamat (Zot:4)
  An orb of fire (Zot:5)
  An ancient lich (Zot:5)
  A pandemonium lord (Zot:4)
  A shard shrike (IceCv)
  A Killer Klown (Zot:5)
  Margery (Vaults:3)
  A caustic shrike (Depths:2)
  Saint Roka (Depths:1)
  A curse toe (Zot:3)
  A golden dragon (Zot:3)
  the Enchantress (Depths:3)
  3 doom hounds (Depths:3)
  A tentacled monstrosity (Swamp:2)
  3 liches
  A walking crystal tome (Depths:2)
  6 Orb Guardians (Zot:5)
  Asterion (Snake:3)
  A deep elf blademaster (Elf:3)
  3 quicksilver dragons
  A walking divine tome (Depths:4)
  Grunn (Depths:3)
  3 deep elf master archers
  5 sphinxes
  16 acid blobs
  2 tentacled starspawn (Abyss:2)
  2 death cobs
  A tengu reaver (Depths:1)
  4 thorn hunters
  Aizul (Snake:3)
  2 storm dragons (Zot:5)
  7 nagarajas
  2 draconian monks
  3 shadow dragons
  Kirke (Elf:1)
  10 rockslimes
  7 frost giants
  3 fire giants
  8 deep elf sorcerers (Elf:3)
  An emperor scorpion (shapeshifter) (Elf:3)
  2 draconian knights
  2 ghost moths (Zot:4)
  8 azure jellies (Slime:5)
  8 vault wardens
  4 draconian scorchers
  5 deep elf elementalists (Elf:3)
  2 draconian shifters
  A spectral caustic shrike (Depths:1)
  2 draconian annihilators (Zot:2)
  5 draconian stormcallers
  A stone giant (Depths:1)
  2 ghouls (Swamp:4)
  11 ironbound preservers
  7 very ugly things
  17 quicksilver oozes
  5 ironbound thunderhulks
  6 spriggan defenders
  5 deep elf demonologists
  2 vampire knights
  5 black draconians
  6 eleionomae
  3 green draconians
  6 bunyips
  7 white draconians
  A lorocyproca (Depths:4)
  A minotaur (Gauntlet)
  4 yellow draconians
  3 purple draconians
  4 spark wasps
  4 red draconians
  4 deep elf annihilators (Elf:3)
  7 ettins
  5 fire dragons
  2 crystal guardians
  4 shambling mangroves
  6 deep elf death magi
  An entropy weaver (Vaults:3)
  10 yaktaur captains
  3 deep elf high priests (Elf:3)
  8 vault guards
  6 ice dragons
  2 salamander tyrants
  2 rakshasas
  29 hydras
  2 spriggan air magi
  5 ghost crabs
  7 great orbs of eyes
  2 two-headed ogres (D:12)
  4 boulder beetles
  A death knight (D:15)
  8 anacondas
  7 ironbound frosthearts
  9 centaur warriors
  15 naga warriors
  12 dancing weapons
  2 tengu warriors
  9 alligators
  7 deep troll earth magi
  8 nameless horrors
  A vampire mage (Vaults:3)
  6 deep troll shamans
  A thrashing horror (D:15)
  2 orc high priests
  4 spriggan berserkers
  2 occultists (D:15)
  7 shock serpents
  3 large abominations (Abyss:2)
  11 hell knights
  14 deep elf knights
  13 naga sharpshooters
  8 salamander mystics
  Nergalle (Lair:2)
  3 skysharks (Lair:5)
  7 iron trolls
  A sixfirhy (D:15)
  A titan skeleton (Vaults:4)
  2 wretched stars (Abyss:2)
  4 goliath frogs
  6 spriggan druids
  A death drake (Swamp:4)
  4 skeletal warriors (D:12)
  8 naga ritualists
  3 glowing orange brains
  11 swamp dragons
  2 lindwurms
  An orb spider (Zot:4)
  A glowing orange brain (shapeshifter) (Elf:3)
  53 deep trolls
  9 deep elf archers
  An orange crystal statue (IceCv)
  14 bog bodies
  2 arcanists
  A bunyip skeleton (Abyss:2)
  4 harpies
  10 necromancers
  10 ironbound convokers
  25 deep elf pyromancers
  2 phantasmal warriors
  6 orc knights
  27 deep elf zephyrmancers
  47 ugly things
  2 shining eyes
  22 salamanders
  11 orc sorcerers
  12 mana vipers
  4 will-o-the-wisps
  A salamander (shapeshifter) (D:13)
  5 manticores
  A frost giant zombie (Vaults:4)
  5 cyclopes
  9 moths of wrath
  2 worldbinders (Abyss:2)
  37 black mambas
  An ice statue (Lair:4)
  7 guardian serpents
  A centaur skeleton (D:15)
  5 vault sentinels
  9 elephants
  A rust devil (Zot:3)
  An orange demon (Depths:3)
  13 naga magi
  A smoke demon (Abyss:2)
  2 gargoyles
  26 cane toads
  12 komodo dragons
  A komodo dragon (shapeshifter) (D:14)
  An unseen horror (D:13)
  2 kobold demonologists
  17 rime drakes
  24 yaktaurs
  An efreet (D:13)
  4 freezing wraiths
  Psyche (D:8)
  A yaktaur skeleton (Vaults:1)
  2 ancient zymes (Abyss:2)
  2 tengu conjurers
  3 red devils
  An ice devil (Depths:1)
  4 meliai
  9 trolls
  13 tyrant leeches
  25 hornets
  2 hellwings (Depths:3)
  22 polar bears
  Prince Ribbit (D:7)
  23 blink frogs
  2 glass eyes
  2 ettin zombies
  Sigmund (D:3)
  A culicivora (shapeshifter) (D:14)
  54 slime creatures
  2 jumping spiders (Zot:4)
  A centaur simulacrum (D:15)
  20 spriggans
  A yak (shapeshifter) (D:12)
  3 hogs (Elf:1)
  5 wyverns
  A ynoxinul (Abyss:2)
  5 basilisks
  3 water elementals (Elf:1)
  An ettin skeleton (Vaults:4)
  A chaos spawn (Abyss:2)
  3 steam dragons
  41 yaks
  A fire elemental (Elf:3)
  5 wraiths
  4 golden eyes
  A redback (Vaults:3)
  10 vampire mosquitoes
  A neqoxec (Abyss:2)
  14 swamp worms
  7 wargs
  47 nagas
  An elf skeleton (Vaults:1)
  17 water moccasins
  3 acid dragons
  Duvessa (D:6)
  11 swamp drakes
  3 hell hounds (Volcano)
  35 orc warriors
  2 sky beasts (D:7)
  11 ice beasts
  A hornet zombie (D:6)
  4 black bears
  12 ogres
  A boggart (Vaults:2)
  22 wolves
  7 centaurs
  A human skeleton (Vaults:1)
  5 phantoms (D:6)
  An elf zombie (Ossuary)
  6 kobold brigands
  5 gnoll sergeants
  16 bullfrogs
  4 scorpions
  An earth elemental (Elf:3)
  2 small abominations
  A water moccasin zombie (D:6)
  A wyvern skeleton (D:6)
  7 wights
  A water moccasin skeleton (D:6)
  A hornet simulacrum (D:15)
  Dowan (D:6)
  3 killer bees (D:10)
  A human simulacrum (Vaults:4)
  9 jellies
  An electric eel (Snake:2)
  11 howler monkeys
  A lava snake (Snake:1)
  A quasit (Abyss:2)
  2 centaur zombies (D:6)
  3 hounds
  3 gnoll boudas
  14 orc priests
  A sleepcap (D:5)
  51 orc wizards
  Natasha (thrice) (D:3)
  4 iguanas
  A hound zombie (Ossuary)
  5 mummies
  2 howler monkey zombies (D:6)
  Robin (D:3)
  30 gnolls
  12 adders
  5 river rats (Sewer)
  5 white imps
  An ufetubus (Abyss:2)
  2 adder zombies (Ossuary)
  2 worms
  2 dart slugs
  101 orcs
  11 endoplasms
  7 giant cockroaches
  15 goblins
  9 hobgoblins
  6 jackals
  32 kobolds
  8 quokkas
  10 ball pythons
  8 bats
  8 frilled lizards
  A jackal zombie (Ossuary)
  4 orc zombies (Ossuary)
  4 rats
  3 rat zombies (Ossuary)
  A spectral goblin (D:1)
  5 starspawn tentacles (Abyss:2)
1957 creatures vanquished.

Vanquished Creatures (collateral kills)
  3 orbs of fire
  7 Killer Klowns (Zot:5)
  3 golden dragons
  2 bone dragons
  Jory (Vaults:2)
  5 electric golems
  A Tzitzimitl (Zot:3)
  6 tentacled monstrosities
  A walking frostbound tome (Depths:4)
  3 quicksilver dragons
  20 Orb Guardians
  10 acid blobs
  6 death cobs
  4 shadow dragons
  5 storm dragons
  A tengu reaver (Depths:2)
  Donald (Vaults:1)
  4 azure jellies
  A draconian knight (Zot:5)
  4 fire giants
  3 rockslimes
  2 deep elf sorcerers (Elf:3)
  3 vault wardens
  2 frost giants
  3 spectral caustic shrikes (Depths:1)
  An orc warlord (Vaults:2)
  An iron dragon (Depths:2)
  4 draconian shifters
  2 draconian stormcallers
  2 draconian annihilators
  A demonspawn corrupter (D:2)
  7 very ugly things
  3 quicksilver oozes
  2 spriggan defenders (Depths:2)
  11 ironbound preservers
  A war gargoyle (Vaults:3)
  A formless jellyfish (Vaults:4)
  2 stone giants
  2 reapers (Depths:1)
  3 ironbound thunderhulks
  4 green draconians
  A deep elf demonologist (Elf:3)
  3 deep elf annihilators (Elf:3)
  7 black draconians
  7 yellow draconians
  2 purple draconians
  4 dire elephants (Vaults:2)
  3 red draconians
  4 white draconians
  3 ettins
  2 spark wasps
  A deep elf death mage (Elf:3)
  A crystal guardian (Vaults:4)
  3 fire dragons
  A blizzard demon (Depths:3)
  3 great orbs of eyes
  2 deep elf high priests (Elf:3)
  4 yaktaur captains
  9 ironbound frosthearts
  7 vault guards
  3 ice dragons
  3 ogre magi (Depths:1)
  4 peacekeepers
  4 centaur warriors (Vaults:1)
  A catoblepas (shapeshifter) (Depths:2)
  A death knight (Vaults:3)
  A tengu warrior (Depths:2)
  2 deep troll shamans (Depths:2)
  An occultist (Depths:1)
  2 spriggan berserkers
  A sun demon (Depths:3)
  A deep elf knight (Elf:3)
  A hell knight (Depths:3)
  A sixfirhy (Depths:3)
  A shadow demon (D:2)
  23 deep trolls
  2 lindwurms (Vaults:1)
  7 arcanists
  7 harpies
  A deep elf zephyrmancer (Elf:3)
  4 ironbound convokers
  A necromancer (Vaults:1)
  A wolf spider (Depths:1)
  2 shining eyes
  5 moths of wrath
  11 ugly things
  6 vault sentinels
  A smoke demon (Depths:1)
  A cane toad (Lair:5)
  An eye of devastation (Slime:3)
  An orange demon (Depths:3)
  A nameless horror (Vaults:3)
  3 yaktaurs
  3 tengu conjurers (Depths:2)
  A tormentor (Depths:3)
  A tarantella (Zot:4)
  3 hornets (Zot:4)
  2 glass eyes
  A flying skull (Vaults:3)
  A jumping spider (Zot:5)
  30 slime creatures
  A hog (Depths:1)
  2 golden eyes (Slime:2)
  A redback (Vaults:3)
  An ice beast (Depths:1)
  An orc warrior (Depths:1)
  A vampire bat (Depths:1)
  An orc (Depths:1)
370 creatures vanquished.

Vanquished Creatures (others)
  A very ugly thing (Abyss:2)
  A deep elf death mage (Elf:3)
  A deep elf zephyrmancer (Elf:1)
  A will-o-the-wisp (Swamp:4)
  5 bloated husks
  2 meliai (D:15)
  A hornet (Swamp:2)
  A tyrant leech (Swamp:3)
  A large abomination (Abyss:2)
  A nameless horror (Zot:5)
  An orc wizard (Orc:1)
  71 ball lightnings
  12 foxfires
  2 starspawn tentacles (Abyss:2)
101 creatures vanquished.

Grand Total: 2428 creatures vanquished

Notes
Turn   | Place    | Note
-------+----------+-------------------------------------------
     0 | D:1      | Flugkiller the Mummy Air Elementalist began the quest for
                  | the Orb.
     0 | D:1      | Reached XP level 1. HP: 13/13 MP: 4/4
   117 | D:1      | Reached skill level 1 in Conjurations
   178 | D:1      | Found a faded altar of an unknown god.
   209 | D:1      | Reached XP level 2. HP: 20/20 MP: 1/5
   235 | D:1      | Reached skill level 3 in Spellcasting
   297 | D:1      | Prayed at the altar of an unknown god.
   297 | D:1      | Became a worshipper of Sif Muna the Loreminder
   297 | D:1      | Reached * piety under Sif Muna
   511 | D:1      | Reached skill level 1 in Fighting
   980 | D:2      | Reached XP level 3. HP: 26/26 MP: 0/7
  1152 | D:2      | Reached ** piety under Sif Muna
  1276 | D:2      | Found Vitot's Assorted Antiques.
  1742 | D:3      | Noticed Sigmund
  1753 | D:3      | Killed Sigmund
  1754 | D:3      | Reached skill level 4 in Spellcasting
  1754 | D:3      | Reached XP level 4. HP: 32/32 MP: 8/10
  1754 | D:3      | Reached XP level 5. HP: 37/37 MP: 8/11
  1777 | D:3      | Learned a level 2 spell: Static Discharge
  1781 | D:3      | Learned a level 3 spell: Swiftness
  1786 | D:3      | Learned a level 4 spell: Airstrike
  1822 | D:3      | Found a runed translucent door.
  1824 | D:3      | Noticed Dirtsage's ghost (amateur OpSh)
  1827 | D:3      | Noticed Natasha
  1838 | D:3      | Killed Natasha
  2040 | D:3      | Noticed Natasha
  2060 | D:3      | Killed Natasha
  2061 | D:3      | Reached XP level 6. HP: 32/43 MP: 2/12
  2186 | D:3      | Found a runed translucent door.
  2243 | D:3      | Noticed Robin
  2409 | D:3      | Killed Robin
  2508 | D:3      | HP: 1/43 [gnoll bouda/+0 club (9)]
  2518 | D:3      | Reached skill level 5 in Air Magic
  2943 | D:3      | Noticed Natasha
  2947 | D:3      | Killed Natasha
  3409 | D:4      | Reached *** piety under Sif Muna
  3676 | D:4      | Reached XP level 7. HP: 48/48 MP: 7/13
  4370 | D:2      | Bought a scratched tourmaline ring for 135 gold pieces
  4447 | D:5      | Identified the "Noytez"
  4447 | D:5      | Entered Level 5 of the Dungeon
  4495 | D:5      | Reached skill level 1 in Invocations
  4497 | D:5      | Reached skill level 1 in Evocations
  4632 | D:5      | Found a sand-covered staircase.
  4706 | Ossuary  | Entered an ossuary
  4752 | Ossuary  | Reached **** piety under Sif Muna
  4965 | Ossuary  | Reached XP level 8. HP: 54/54 MP: 5/14
  5192 | D:5      | Found a glowing drain.
  5197 | Sewer    | Entered a sewer
  5803 | D:5      | Found an ancient bone altar of Kikubaaqudgha.
  5855 | D:5      | Learned a level 5 spell: Irradiate
  5904 | D:5      | Noticed a kobold demonologist
  6283 | D:5      | Reached skill level 1 in Transmutations
  6380 | D:5      | Killed a kobold demonologist
  6381 | D:5      | Reached skill level 5 in Spellcasting
  6636 | D:5      | Found a hazy altar of Hepliaklqana.
  6948 | D:6      | Reached XP level 9. HP: 55/63 MP: 1/16
  7441 | D:6      | Reached ***** piety under Sif Muna
  7622 | D:6      | Noticed Duvessa
  7725 | D:6      | Reached skill level 5 in Conjurations
  7923 | D:6      | Noticed a +0 dagger
  7924 | D:6      | Noticed a +0 hand axe
  7929 | D:6      | Found a hide-covered altar of Uskayaw.
  8343 | D:6      | Reached skill level 5 in Transmutations
  8497 | D:6      | ffs
  8755 | D:6      | Noticed Dowan
  9043 | D:6      | Killed Duvessa
  9234 | D:6      | Killed Dowan
  9779 | D:7      | Identified the "Foijuidgh" (Sif Muna gifted it to you on
                  | level 7 of the Dungeon)
  9779 | D:7      | Received a gift from Sif Muna
  9788 | D:7      | Reached XP level 10. HP: 55/70 MP: 13/17
 10130 | D:7      | Noticed Prince Ribbit
 10186 | D:7      | Killed Prince Ribbit
 10658 | D:7      | Found a staircase to the Ecumenical Temple.
 10859 | D:7      | Identified the +5 dagger of Purpose {freeze, rCorr Int+3
                  | Dex+6}
 10932 | Bailey   | Identified the of Ysenid
 11341 | D:8      | Found a flagged portal.
 11390 | Bailey   | Entered a bailey
 12048 | Bailey   | Noticed an orc knight
 12073 | Bailey   | Killed an orc knight
 12541 | D:8      | Noticed Psyche
 12620 | D:8      | Killed Psyche
 13103 | D:8      | Found Ysounir's Self-Published Books.
 13500 | D:8      | Reached XP level 11. HP: 55/75 MP: 0/18
 13747 | D:9      | Noticed an ice dragon
 13747 | D:9      | Found a runed translucent door.
 13749 | D:9      | Noticed a fire dragon
 13749 | D:9      | Found the +2 shield of Resistance {rF++ rC++ Will++}
 13751 | D:9      | Noticed an ice dragon
 14170 | D:9      | Found a large runed translucent door.
 14727 | D:9      | Identified the "Zohul" (Sif Muna gifted it to you on level
                  | 9 of the Dungeon)
 14727 | D:9      | Received a gift from Sif Muna
 14933 | D:9      | Found a staircase to the Lair.
 15239 | D:9      | Found a large runed translucent door.
 15406 | D:9      | Found an iron altar of Okawaru.
 15520 | D:10     | Entered Level 10 of the Dungeon
 15802 | D:10     | Found a bloodstained altar of Trog.
 15973 | D:10     | Found a radiant altar of Vehumet.
 15974 | D:10     | Found a snail-covered altar of Cheibriados.
 16020 | D:10     | Reached skill level 1 in Shields
 17195 | D:11     | Noticed a two-headed ogre
 17841 | Lair:1   | Entered Level 1 of the Lair of Beasts
 18007 | D:9      | Reached skill level 5 in Fighting
 18206 | D:9      | Learned a level 5 spell: Arcjolt
 18857 | Lair:1   | Reached XP level 12. HP: 82/88 MP: 4/19
 19377 | Lair:2   | Reached skill level 5 in Dodging
 19573 | Lair:2   | Noticed a five-headed hydra
 19594 | Lair:2   | Killed a five-headed hydra
 19738 | Lair:2   | Identified the "Biocoate" (Sif Muna gifted it to you on
                  | level 2 of the Lair of Beasts)
 19738 | Lair:2   | Received a gift from Sif Muna
 20343 | Lair:2   | Noticed a boulder beetle
 20475 | Lair:2   | Killed a boulder beetle
 20641 | Lair:2   | Found a staircase to the Swamp.
 20688 | Lair:2   | Noticed Nergalle
 20703 | Lair:2   | Killed Nergalle
 20828 | Lair:2   | Reached skill level 6 in Spellcasting
 21072 | Lair:2   | Noticed a five-headed hydra
 21092 | Lair:2   | Killed a five-headed hydra
 21621 | Lair:3   | Found a dark tunnel.
 21674 | Volcano  | Entered a volcano
 21684 | Volcano  | Found a large runed translucent door.
 21684 | Volcano  | Found a large runed translucent door.
 21686 | Volcano  | Reached skill level 5 in Invocations
 21691 | Volcano  | Found a large runed translucent door.
 21691 | Volcano  | Found a large runed translucent door.
 22327 | Lair:3   | Found a staircase to the Snake Pit.
 22687 | Lair:3   | Found a runed translucent door.
 23024 | Lair:3   | Reached skill level 7 in Spellcasting
 23322 | Lair:4   | Noticed an ice dragon
 23331 | Lair:3   | Gained mutation: You are strongly in touch with the powers
                  | of death. [Mummy growth]
 23331 | Lair:3   | Reached XP level 13. HP: 68/93 MP: 14/23
 23649 | Lair:4   | Reached skill level 10 in Conjurations
 23734 | Lair:4   | You fall into a shaft and drop 1 floor!
 23734 | Lair:5   | Identified the "Homusch"
 23734 | Lair:5   | Identified the "Pizaf"
 23734 | Lair:5   | Entered Level 5 of the Lair of Beasts
 25636 | Lair:5   | Reached skill level 8 in Spellcasting
 25694 | Lair:5   | Identified the "Rixkoqupn" (Sif Muna gifted it to you on
                  | level 5 of the Lair of Beasts)
 25694 | Lair:5   | Received a gift from Sif Muna
 25919 | Lair:5   | Reached skill level 9 in Spellcasting
 26292 | Lair:5   | Reached skill level 10 in Spellcasting
 26943 | Lair:5   | Reached XP level 14. HP: 100/100 MP: 23/28
 27185 | Lair:5   | Found a staircase to the Slime Pits.
 27186 | Lair:5   | Found a viscous altar of Jiyva.
 27564 | Lair:5   | Identified the "Ophauryt" (Sif Muna gifted it to you on
                  | level 5 of the Lair of Beasts)
 27564 | Lair:5   | Received a gift from Sif Muna
 28326 | Lair:5   | Identified the +7 spear "Killer Klown's Doom" {heavy,
                  | Dex+2}
 28648 | D:12     | Found a staircase to the Orcish Mines.
 29804 | D:12     | Found Zetry's Antique Armour Shoppe.
 29831 | D:12     | Bought a pair of glowing gloves for 195 gold pieces
 32486 | D:12     | Reached skill level 10 in Dodging
 32532 | D:13     | Found a gate to the Vaults.
 32724 | D:13     | Reached XP level 15. HP: 104/110 MP: 5/29
 33320 | D:13     | Identified the +1 plate armour "Koffis" {Regen+ SInv}
 33349 | D:14     | Found a gate leading to a gauntlet.
 33360 | Gauntlet | Entered a Gauntlet
 33360 | Gauntlet | Found a transporter.
 33360 | Gauntlet | Found a transporter.
 33360 | Gauntlet | Found a transporter.
 33380 | Gauntlet | Found a transporter.
 33390 | Gauntlet | Found a transporter.
 33411 | Gauntlet | Found a transporter.
 33417 | Gauntlet | Found a transporter.
 33425 | Gauntlet | Found a transporter.
 33443 | Gauntlet | Found a transporter.
 33447 | Gauntlet | Found a large runed translucent door.
 33448 | Gauntlet | Found a large runed translucent door.
 33449 | Gauntlet | Found a large runed translucent door.
 33449 | Gauntlet | Found a large runed translucent door.
 33450 | Gauntlet | Found a runed translucent gate.
 33451 | Gauntlet | Found a transporter.
 33451 | Gauntlet | Found a runed translucent gate.
 33452 | Gauntlet | Found a runed translucent gate.
 33453 | Gauntlet | Found a large runed translucent door.
 33453 | Gauntlet | Found a large runed translucent door.
 33454 | Gauntlet | Found a large runed translucent door.
 33455 | Gauntlet | Found a large runed translucent door.
 33464 | Gauntlet | Found a large runed translucent door.
 33464 | Gauntlet | Found a large runed translucent door.
 33464 | Gauntlet | Found a runed translucent door.
 33464 | Gauntlet | Found a runed translucent door.
 33465 | Gauntlet | Found a large runed translucent door.
 33466 | Gauntlet | Found a large runed translucent door.
 33468 | Gauntlet | Found a transporter.
 33493 | Gauntlet | Found a transporter.
 33509 | Gauntlet | Found a large runed translucent door.
 33510 | Gauntlet | Found a large runed translucent door.
 33511 | Gauntlet | Found a large runed translucent door.
 33511 | Gauntlet | Found a large runed translucent door.
 33571 | Gauntlet | Identified the "Qayc" (Sif Muna gifted it to you in a
                  | Gauntlet)
 33571 | Gauntlet | Received a gift from Sif Muna
 33602 | Gauntlet | Identified the ring "Biochempy" {rElec rF- rC- rCorr
                  | Stlth+}
 33752 | Gauntlet | Identified the +5 plate armour of Greater Demons {Harm
                  | Regen+ Int+3}
 33967 | Gauntlet | Identified the +5 shortbow "Beetlebane" {drain, *Slow rPois
                  | rF++ rCorr}
 33967 | Gauntlet | Identified the +0 scale mail of Fedhas's Supremacy {Drain
                  | rPois Str+2 Dex+4}
 35310 | D:15     | Entered Level 15 of the Dungeon
 35530 | D:15     | Reached skill level 11 in Spellcasting
 35581 | D:15     | Identified the of Laveun (Sif Muna gifted it to you on
                  | level 15 of the Dungeon)
 35581 | D:15     | Received a gift from Sif Muna
 35954 | D:15     | Found Veyriowaa's Distillery.
 36012 | Abyss:2  | Cast into level 2 of the Abyss (an occultist)
 36276 | Abyss:2  | Noticed a revenant
 36314 | Abyss:2  | Noticed a revenant
 36315 | Abyss:2  | Noticed a lich
 36368 | Abyss:2  | Noticed a tentacled starspawn
 36372 | Abyss:2  | Killed a tentacled starspawn
 36448 | Abyss:2  | Found a corrupted altar of Lugonu.
 36470 | Abyss:2  | Found a corrupted altar of Lugonu.
 36550 | Abyss:2  | Noticed a tentacled starspawn
 36566 | Abyss:2  | Killed a tentacled starspawn
 36577 | D:15     | Escaped the Abyss
 36843 | D:15     | Found a staircase to the Depths.
 37351 | Orc:1    | Entered Level 1 of the Orcish Mines
 37549 | Orc:1    | Found a runed translucent gate.
 37549 | Orc:1    | Found a runed translucent gate.
 37549 | Orc:1    | Found a runed translucent gate.
 37554 | Orc:1    | Noticed Foklal's ghost (journeyman HOFi)
 37680 | Orc:2    | Entered Level 2 of the Orcish Mines
 37680 | Orc:2    | Found Cureo's Vocational Training.
 37898 | Orc:2    | Reached skill level 12 in Spellcasting
 37911 | Orc:2    | Reached XP level 16. HP: 114/117 MP: 10/32
 38077 | Orc:2    | Identified the of Peuly (Sif Muna gifted it to you on
                  | level 2 of the Orcish Mines)
 38077 | Orc:2    | Received a gift from Sif Muna
 38253 | Orc:2    | Found Zyeffan's Magic Scroll Emporium.
 38253 | Orc:2    | Found Purizy's General Store.
 38425 | Orc:2    | Found a staircase to the Elven Halls.
 38621 | Orc:2    | Found Ypexoda's General Store.
 38621 | Orc:2    | Found Ridiqaucyt's Antique Weapon Boutique.
 38643 | Orc:2    | Bought a scroll of torment for 123 gold pieces
 38643 | Orc:2    | Bought a scroll of enchant armour for 97 gold pieces
 38705 | Orc:1    | Identified the "Kafi" (Sif Muna gifted it to you on level
                  | 1 of the Orcish Mines)
 38705 | Orc:1    | Identified the "Garycuc" (Sif Muna gifted it to you on
                  | level 1 of the Orcish Mines)
 38705 | Orc:1    | Received a gift from Sif Muna
 39112 | D:9      | Found a runed translucent door.
 39382 | Snake:1  | Entered Level 1 of the Snake Pit
 39411 | Snake:1  | Found a frozen archway.
 39451 | Snake:1  | Reached skill level 5 in Shields
 39468 | IceCv    | Entered an ice cave
 40060 | IceCv    | Identified the +0 leather armour of Basae {+Inv Will+
                  | Str-2}
 40206 | IceCv    | Noticed a shard shrike
 40219 | IceCv    | Killed a shard shrike
 40442 | IceCv    | Identified the +3 sling of Ziyshropn {flame, Str+3}
 40542 | IceCv    | Identified the of Zoxulam (Sif Muna gifted it to you in an
                  | ice cave)
 40542 | IceCv    | Received a gift from Sif Muna
 40543 | IceCv    | Reached skill level 10 in Fighting
 41005 | Snake:1  | Identified a scroll of acquirement
 41147 | Snake:1  | Noticed Roxanne
 41954 | Snake:1  | Received a gift from Sif Muna
 42418 | Snake:1  | Learned a level 7 spell: Spellforged Servitor
 42425 | Snake:1  | Learned a level 6 spell: Bombard
 42456 | Snake:2  | Reached XP level 17. HP: 123/128 MP: 16/33
 42602 | Snake:2  | Reached skill level 1 in Summonings
 43513 | Snake:2  | Found Xarcho's Distillery.
 43515 | Snake:2  | Found Soshrub's Assorted Antiques.
 43515 | Snake:2  | Found Gogih's Book Shop.
 43520 | Snake:2  | Found Erugg's General Store.
 43532 | Snake:2  | Bought the amulet "Otraloy" {Spirit Regen+} for 481 gold
                  | pieces
 43706 | Snake:2  | Reached skill level 10 in Invocations
 44131 | Snake:3  | Reached skill level 13 in Spellcasting
 44463 | Snake:3  | Identified the "Raho" (Sif Muna gifted it to you on level
                  | 3 of the Snake Pit)
 44463 | Snake:3  | Identified the of Rexuh (Sif Muna gifted it to you on
                  | level 3 of the Snake Pit)
 44463 | Snake:3  | Identified the "Jouxig" (Sif Muna gifted it to you on
                  | level 3 of the Snake Pit)
 44463 | Snake:3  | Received a gift from Sif Muna
 44620 | Snake:3  | Noticed Asterion
 44630 | Snake:3  | Killed Asterion
 44631 | Snake:3  | Reached skill level 5 in Summonings
 44750 | Snake:3  | Identified the +4 flail "Woudwiph" {freeze, rPois Int-3
                  | Dex+7}
 44784 | Snake:3  | Identified the serpent talisman of Daisies {rElec rPois
                  | Will+ Int-5}
 44784 | Snake:3  | Noticed Aizul
 44912 | Snake:3  | Killed Aizul
 45197 | Snake:2  | Bought a scroll of torment for 123 gold pieces
 45233 | Snake:4  | Entered Level 4 of the Snake Pit
 45753 | Snake:4  | Found Roguvim's Weapon Shop.
 46288 | Snake:4  | Identified the of Ram Isho (Sif Muna gifted it to you on
                  | level 4 of the Snake Pit)
 46288 | Snake:4  | Identified the "Ruupt" (Sif Muna gifted it to you on level
                  | 4 of the Snake Pit)
 46288 | Snake:4  | Received a gift from Sif Muna
 46829 | Snake:4  | Reached XP level 18. HP: 110/134 MP: 22/35
 47002 | Snake:4  | Reached skill level 10 in Summonings
 47250 | Snake:4  | Got a serpentine rune of Zot
 47561 | Swamp:1  | Entered Level 1 of the Swamp
 48017 | Swamp:1  | Reached skill level 14 in Spellcasting
 48442 | Swamp:1  | Identified the "Jelov" (Sif Muna gifted it to you on level
                  | 1 of the Swamp)
 48442 | Swamp:1  | Received a gift from Sif Muna
 48612 | Swamp:1  | Reached skill level 15 in Spellcasting
 49772 | Swamp:2  | Noticed a tentacled monstrosity
 49799 | Swamp:2  | Killed a tentacled monstrosity
 51494 | Swamp:3  | Identified the "Zeasmid" (Sif Muna gifted it to you on
                  | level 3 of the Swamp)
 51494 | Swamp:3  | Received a gift from Sif Muna
 51587 | Swamp:3  | Found a runed translucent door.
 51587 | Swamp:3  | Noticed Nebesus's ghost (adept MiBe)
 51715 | Swamp:4  | Entered Level 4 of the Swamp
 52448 | Swamp:4  | Reached skill level 15 in Conjurations
 52598 | Swamp:4  | Reached XP level 19. HP: 110/140 MP: 13/38
 53560 | Swamp:4  | Got a decaying rune of Zot
 53929 | Vaults:5 | Identified the "Ytzuv"
 53929 | Vaults:5 | Identified the "Qutwih"
 53929 | Depths:1 | Identified the "Acamov"
 53929 | Elf:1    | Identified the "Gyph"
 53929 | Elf:1    | Entered Level 1 of the Elven Halls
 54277 | Elf:1    | Identified the of Fismyj (Sif Muna gifted it to you on
                  | level 1 of the Elven Halls)
 54277 | Elf:1    | Identified the "Guuhow" (Sif Muna gifted it to you on
                  | level 1 of the Elven Halls)
 54277 | Elf:1    | Received a gift from Sif Muna
 54354 | Elf:1    | Identified the +7 war axe of Deiteg {venom, MP+9}
 54434 | Elf:1    | Noticed Kirke
 54448 | Elf:1    | Killed Kirke
 54650 | Elf:1    | Noticed a Brimstone Fiend
 55308 | Elf:2    | Found Fukhlay's Distillery.
 55862 | Elf:2    | Found a runed translucent gate.
 55862 | Elf:2    | Found a runed translucent gate.
 55862 | Elf:2    | Found a runed translucent gate.
 55921 | Elf:2    | Reached skill level 16 in Spellcasting
 55977 | Elf:2    | Identified the +4 rapier of the Thieving Badger {vamp,
                  | *Noise rF- Str+6 Int+3}
 55991 | Elf:2    | Found a huge runed gate.
 55991 | Elf:2    | Found a huge runed gate.
 55991 | Elf:2    | Found a huge runed gate.
 55991 | Elf:2    | Found a huge runed gate.
 55991 | Elf:2    | Found a huge runed gate.
 55991 | Elf:2    | Found a huge runed gate.
 55991 | Elf:2    | Found a huge runed gate.
 55992 | Elf:2    | Found a huge runed gate.
 55992 | Elf:2    | Found a huge runed gate.
 55992 | Elf:2    | Found a huge runed gate.
 56141 | Elf:2    | Found a huge runed gate.
 56141 | Elf:2    | Found a huge runed gate.
 56141 | Elf:2    | Found a huge runed gate.
 56141 | Elf:2    | Found a huge runed gate.
 56141 | Elf:2    | Found a huge runed gate.
 56141 | Elf:2    | Found a huge runed gate.
 56142 | Elf:2    | Found a huge runed gate.
 56143 | Elf:2    | Found a huge runed gate.
 56144 | Elf:2    | Found a huge runed gate.
 56153 | Elf:2    | Found a huge runed gate.
 56153 | Elf:2    | Found a huge runed gate.
 56153 | Elf:2    | Found a huge runed gate.
 56153 | Elf:2    | Found a huge runed gate.
 56153 | Elf:2    | Found a huge runed gate.
 56153 | Elf:2    | Found a huge runed gate.
 56154 | Elf:2    | Found a huge runed gate.
 56155 | Elf:2    | Found a huge runed gate.
 56156 | Elf:2    | Found a huge runed gate.
 56166 | Elf:2    | Found a huge runed gate.
 56166 | Elf:2    | Found a huge runed gate.
 56166 | Elf:2    | Found a huge runed gate.
 56166 | Elf:2    | Found a huge runed gate.
 56166 | Elf:2    | Found a huge runed gate.
 56166 | Elf:2    | Found a huge runed gate.
 56166 | Elf:2    | Found a huge runed gate.
 56212 | Elf:2    | Found a huge runed gate.
 56336 | Elf:3    | Entered Level 3 of the Elven Halls
 56467 | Elf:3    | Found Arphiatz's Weapon Shop.
 56692 | Elf:3    | Found Muib's Armour Shoppe.
 56734 | Elf:3    | Noticed a Tzitzimitl
 57198 | Elf:3    | Reached XP level 20. HP: 128/147 MP: 15/40
 57269 | Elf:3    | Found Vionlecy's Armour Boutique.
 57546 | Elf:3    | Received a gift from Sif Muna
 57768 | Elf:3    | Reached skill level 10 in Shields
 57780 | Elf:3    | Identified the +2 morningstar "Puist" {heavy, Int+2 Dex+4}
 58173 | Elf:3    | Found Zowk's Jewellery Boutique.
 59076 | Elf:3    | Identified the ring "Daacs" {rCorr MP+9 Stlth+}
 59080 | Elf:3    | Identified the +3 orcbow "Cyisoubb" {heavy, rF++ rN++
                  | Int+2}
 59136 | Elf:3    | Identified the +1 war axe of Wu Jian, Riding {venom, rN+
                  | Int+3 Stlth+}
 59142 | Elf:3    | Identified the +0 robe of Greed {rElec Dex+5 Stlth-
                  | Archmagi}
 59314 | Elf:3    | Found Wuvvogin's Weapon Boutique.
 59389 | Elf:3    | Acquired a staff of conjuration
 59797 | Vaults:1 | Entered Level 1 of the Vaults
 59805 | Vaults:1 | Noticed Donald
 59816 | Vaults:1 | Killed Donald
 60646 | Vaults:1 | Reached skill level 1 in Earth Magic
 61425 | Vaults:1 | Reached skill level 17 in Spellcasting
 61434 | Vaults:1 | Learned a level 6 spell: Summon Cactus Giant
 61529 | Vaults:1 | Identified the "Jaranuaqy" (Sif Muna gifted it to you on
                  | level 1 of the Vaults)
 61529 | Vaults:1 | Received a gift from Sif Muna
 61532 | Vaults:1 | Reached XP level 21. HP: 124/153 MP: 10/42
 61538 | Vaults:1 | Reached skill level 5 in Earth Magic
 62039 | Vaults:2 | Found a flickering gateway to a bazaar.
 62144 | Bazaar   | Entered a bazaar
 62144 | Bazaar   | Found Toageffe's Antique Weapon Shoppe.
 62144 | Bazaar   | Found Extuasus's Jewellery Shoppe.
 62162 | Bazaar   | Found Nucvao's Antique Armour Boutique.
 62181 | Bazaar   | Found Vaze's Magic Scroll Emporium.
 62192 | Bazaar   | Found Weapnaxo's General Store.
 62200 | Bazaar   | Bought a scroll of fear for 52 gold pieces
 62200 | Bazaar   | Bought a scroll of acquirement for 676 gold pieces
 62200 | Bazaar   | Acquired 877 gold pieces
 62223 | Bazaar   | Bought a scroll of teleportation for 54 gold pieces
 62223 | Bazaar   | Bought a scroll of enchant armour for 135 gold pieces
 62223 | Bazaar   | Bought a scroll of revelation for 135 gold pieces
 62236 | Bazaar   | Bought a masterwork robe for 182 gold pieces
 62236 | Bazaar   | Identified the +1 robe "Nuduleal" {rN+ rCorr Str-2 Slay+2}
                  | (You bought it in a shop in a bazaar)
 63187 | Vaults:2 | Identified the "Vaxug" (You acquired it on level 2 of the
                  | Vaults)
 63187 | Vaults:2 | Acquired a manual of Fighting
 63417 | Vaults:2 | Noticed Jory
 63433 | Vaults:2 | Killed Jory
 63597 | Vaults:2 | Identified the of Ograoxaer (Sif Muna gifted it to you on
                  | level 2 of the Vaults)
 63597 | Vaults:2 | Received a gift from Sif Muna
 63711 | Vaults:2 | Identified the ring of a Thousand Bones {Fly rN+ rCorr
                  | Int+3 SInv}
 64238 | Vaults:2 | Reached skill level 10 in Earth Magic
 64547 | Vaults:3 | Noticed Margery
 64554 | Vaults:3 | Killed Margery
 65625 | Vaults:3 | Identified the of Henujaph (Sif Muna gifted it to you on
                  | level 3 of the Vaults)
 65625 | Vaults:3 | Received a gift from Sif Muna
 65882 | Vaults:3 | Reached XP level 22. HP: 146/159 MP: 21/43
 66325 | Vaults:3 | Found Amna's Antique Armour Boutique.
 66333 | Vaults:3 | Bought a faintly humming leather armour for 273 gold pieces
 66333 | Vaults:3 | Identified the +2 leather armour of Broken Taboos {rN+
                  | Will+ MP-9 Dex+3} (You bought it in a shop on level 3 of
                  | the Vaults)
 66377 | Vaults:3 | Found a staircase to the Crypt.
 66448 | Vaults:3 | Identified the +2 leather armour "Ammestrac" {MP+9 Dex+3}
 66496 | Vaults:3 | Acquired 767 gold pieces
 67581 | Vaults:4 | Found Ygoklacs's Antique Weapon Emporium.
 67930 | Vaults:4 | Noticed Mennas
 68469 | Depths:1 | Entered Level 1 of the Depths
 68486 | Depths:1 | Identified the "Bilue" (Sif Muna gifted it to you on level
                  | 1 of the Depths)
 68486 | Depths:1 | Identified the of Unnofeen (Sif Muna gifted it to you on
                  | level 1 of the Depths)
 68486 | Depths:1 | Received a gift from Sif Muna
 68722 | Depths:1 | Found a gateway to Hell.
 69039 | Depths:1 | Found a one-way gateway to a ziggurat.
 69124 | Depths:1 | Noticed Saint Roka
 69280 | Depths:1 | Killed Saint Roka
 69644 | Depths:1 | Reached ****** piety under Sif Muna
 69869 | Depths:1 | Found a one-way gate leading to the halls of Pandemonium.
 70939 | Depths:2 | Received a gift from Sif Muna
 70941 | Depths:2 | Reached skill level 18 in Spellcasting
 71343 | Orc:2    | Bought a scroll of teleportation for 48 gold pieces
 71343 | Orc:2    | Bought a scroll of revelation for 120 gold pieces
 71343 | Orc:2    | Bought a scroll of revelation for 120 gold pieces
 71580 | Snake:2  | Bought a scroll of teleportation for 105 gold pieces
 71580 | Snake:2  | Bought a lead wand for 140 gold pieces
 72194 | Depths:2 | Noticed a caustic shrike
 72200 | Depths:2 | Killed a caustic shrike
 72660 | Depths:2 | Reached XP level 23. HP: 121/165 MP: 1/45
 73571 | Depths:3 | Found a broken altar of Ashenzari.
 73653 | Depths:3 | Found a one-way gate to the infinite horrors of the Abyss.
 73658 | Depths:3 | Identified the "Rire" (Sif Muna gifted it to you on level
                  | 3 of the Depths)
 73658 | Depths:3 | Received a gift from Sif Muna
 73727 | Depths:3 | Reached skill level 15 in Summonings
 73744 | Depths:3 | Noticed Grunn
 73756 | Depths:3 | Killed Grunn
 73970 | Depths:3 | You fall into a shaft and drop 1 floor!
 73970 | Depths:4 | Entered Level 4 of the Depths
 74183 | Depths:4 | Reached skill level 19 in Spellcasting
 74299 | Depths:4 | Found a sacrificial altar of Ru.
 74603 | Depths:4 | Identified the of Piakyxzi (Sif Muna gifted it to you on
                  | level 4 of the Depths)
 74603 | Depths:4 | Identified the "Aqemes" (Sif Muna gifted it to you on
                  | level 4 of the Depths)
 74603 | Depths:4 | Identified the "Seecs" (Sif Muna gifted it to you on level
                  | 4 of the Depths)
 74603 | Depths:4 | Identified the "Gias" (Sif Muna gifted it to you on level
                  | 4 of the Depths)
 74603 | Depths:4 | Identified the "Pureufe" (Sif Muna gifted it to you on
                  | level 4 of the Depths)
 74603 | Depths:4 | Identified the "Wocw" (Sif Muna gifted it to you on level
                  | 4 of the Depths)
 74603 | Depths:4 | Received a gift from Sif Muna
 75157 | Depths:4 | Found a gate to the Realm of Zot.
 75901 | Depths:3 | Noticed the Enchantress
 75905 | Depths:3 | Killed the Enchantress
 76186 | Depths:3 | Learned a level 8 spell: Lehudib's Crystal Spear
 76673 | Lair:5   | Learned a level 7 spell: Monstrous Menagerie
 76723 | Lair:5   | Learned a level 6 spell: Conjure Ball Lightning
 76736 | Slime:1  | Entered Level 1 of the Pits of Slime
 76736 | Slime:1  | Found a viscous altar of Jiyva.
 77251 | Slime:4  | Identified the "Weolipnem" (Sif Muna gifted it to you on
                  | level 4 of the Pits of Slime)
 77251 | Slime:4  | Identified the of Veniathrir (Sif Muna gifted it to you on
                  | level 4 of the Pits of Slime)
 77251 | Slime:4  | Identified the "Guhaitwe" (Sif Muna gifted it to you on
                  | level 4 of the Pits of Slime)
 77251 | Slime:4  | Identified the "Tuonirus" (Sif Muna gifted it to you on
                  | level 4 of the Pits of Slime)
 77251 | Slime:4  | Identified the "Zaschamoa" (Sif Muna gifted it to you on
                  | level 4 of the Pits of Slime)
 77251 | Slime:4  | Identified the "Soytz" (Sif Muna gifted it to you on level
                  | 4 of the Pits of Slime)
 77251 | Slime:4  | Identified the "Nuaw Sia" (Sif Muna gifted it to you on
                  | level 4 of the Pits of Slime)
 77251 | Slime:4  | Identified the of Vukor (Sif Muna gifted it to you on
                  | level 4 of the Pits of Slime)
 77251 | Slime:4  | Identified the "Wutezewk" (Sif Muna gifted it to you on
                  | level 4 of the Pits of Slime)
 77251 | Slime:4  | Identified the "Ynooshi" (Sif Muna gifted it to you on
                  | level 4 of the Pits of Slime)
 77251 | Slime:4  | Identified the of Usecs (Sif Muna gifted it to you on
                  | level 4 of the Pits of Slime)
 77251 | Slime:4  | Identified the "Vavovee" (Sif Muna gifted it to you on
                  | level 4 of the Pits of Slime)
 77251 | Slime:4  | Identified the of Geag Dae (Sif Muna gifted it to you on
                  | level 4 of the Pits of Slime)
 77251 | Slime:4  | Identified the "Udwoinoc" (Sif Muna gifted it to you on
                  | level 4 of the Pits of Slime)
 77251 | Slime:4  | Identified the of Honeussei (Sif Muna gifted it to you on
                  | level 4 of the Pits of Slime)
 77251 | Slime:4  | Received a gift from Sif Muna
 77445 | Slime:5  | Identified the of Xaudumn
 77445 | Slime:5  | Entered Level 5 of the Pits of Slime
 77808 | Slime:3  | Reached skill level 15 in Earth Magic
 78143 | Slime:3  | You fall into a shaft and drop 1 floor!
 78420 | Slime:3  | Reached skill level 20 in Spellcasting
 79450 | Slime:5  | Noticed the Royal Jelly
 79462 | Slime:5  | Reached XP level 24. HP: 103/180 MP: 17/47
 79858 | Slime:5  | Identified the "Dav Utur" (Sif Muna gifted it to you on
                  | level 5 of the Pits of Slime)
 79858 | Slime:5  | Identified the "Lueddum" (Sif Muna gifted it to you on
                  | level 5 of the Pits of Slime)
 79858 | Slime:5  | Identified the of Zeseby (Sif Muna gifted it to you on
                  | level 5 of the Pits of Slime)
 79858 | Slime:5  | Identified the "Kiach" (Sif Muna gifted it to you on level
                  | 5 of the Pits of Slime)
 79858 | Slime:5  | Identified the "Wuywegh" (Sif Muna gifted it to you on
                  | level 5 of the Pits of Slime)
 79858 | Slime:5  | Identified the "Haownoss" (Sif Muna gifted it to you on
                  | level 5 of the Pits of Slime)
 79858 | Slime:5  | Identified the "Plog" (Sif Muna gifted it to you on level
                  | 5 of the Pits of Slime)
 79858 | Slime:5  | Identified the "Uticesis" (Sif Muna gifted it to you on
                  | level 5 of the Pits of Slime)
 79858 | Slime:5  | Identified the of Qowum (Sif Muna gifted it to you on
                  | level 5 of the Pits of Slime)
 79858 | Slime:5  | Identified the of Punilot (Sif Muna gifted it to you on
                  | level 5 of the Pits of Slime)
 79858 | Slime:5  | Identified the "Yveu" (Sif Muna gifted it to you on level
                  | 5 of the Pits of Slime)
 79858 | Slime:5  | Identified the of Unel (Sif Muna gifted it to you on level
                  | 5 of the Pits of Slime)
 79858 | Slime:5  | Identified the "Hovuux" (Sif Muna gifted it to you on
                  | level 5 of the Pits of Slime)
 79858 | Slime:5  | Identified the of Osmedas (Sif Muna gifted it to you on
                  | level 5 of the Pits of Slime)
 79858 | Slime:5  | Identified the "Vutucroe" (Sif Muna gifted it to you on
                  | level 5 of the Pits of Slime)
 79858 | Slime:5  | Identified the "Vaceq" (Sif Muna gifted it to you on level
                  | 5 of the Pits of Slime)
 79858 | Slime:5  | Identified the "Ewo Mol" (Sif Muna gifted it to you on
                  | level 5 of the Pits of Slime)
 79858 | Slime:5  | Identified the "Bes Bajont" (Sif Muna gifted it to you on
                  | level 5 of the Pits of Slime)
 79858 | Slime:5  | Identified the "Tuumaa" (Sif Muna gifted it to you on
                  | level 5 of the Pits of Slime)
 79858 | Slime:5  | Identified the "Tec Fify" (Sif Muna gifted it to you on
                  | level 5 of the Pits of Slime)
 79858 | Slime:5  | Identified the of Moshiwuddui (Sif Muna gifted it to you
                  | on level 5 of the Pits of Slime)
 79858 | Slime:5  | Identified the "Ostof" (Sif Muna gifted it to you on level
                  | 5 of the Pits of Slime)
 79858 | Slime:5  | Identified the "Pestrivax" (Sif Muna gifted it to you on
                  | level 5 of the Pits of Slime)
 79858 | Slime:5  | Identified the "Hasun" (Sif Muna gifted it to you on level
                  | 5 of the Pits of Slime)
 79858 | Slime:5  | Identified the "Seolik" (Sif Muna gifted it to you on
                  | level 5 of the Pits of Slime)
 79858 | Slime:5  | Identified the "Plog" (Sif Muna gifted it to you on level
                  | 5 of the Pits of Slime)
 79858 | Slime:5  | Identified the of Coffye (Sif Muna gifted it to you on
                  | level 5 of the Pits of Slime)
 79858 | Slime:5  | Identified the "Eshul" (Sif Muna gifted it to you on level
                  | 5 of the Pits of Slime)
 79858 | Slime:5  | Identified the of Esoinluh (Sif Muna gifted it to you on
                  | level 5 of the Pits of Slime)
 79861 | Slime:5  | Identified the of Zesuh (Sif Muna gifted it to you on
                  | level 5 of the Pits of Slime)
 79861 | Slime:5  | Identified the "Ereuh" (Sif Muna gifted it to you on level
                  | 5 of the Pits of Slime)
 79861 | Slime:5  | Identified the "Kowa" (Sif Muna gifted it to you on level
                  | 5 of the Pits of Slime)
 79861 | Slime:5  | Identified the of Ytucemu (Sif Muna gifted it to you on
                  | level 5 of the Pits of Slime)
 79861 | Slime:5  | Identified the "Xeniehul" (Sif Muna gifted it to you on
                  | level 5 of the Pits of Slime)
 79861 | Slime:5  | Identified the of Bisuinku (Sif Muna gifted it to you on
                  | level 5 of the Pits of Slime)
 79861 | Slime:5  | Identified the "Koiv" (Sif Muna gifted it to you on level
                  | 5 of the Pits of Slime)
 79861 | Slime:5  | Identified the of Xysep (Sif Muna gifted it to you on
                  | level 5 of the Pits of Slime)
 79861 | Slime:5  | Identified the of Xumakh (Sif Muna gifted it to you on
                  | level 5 of the Pits of Slime)
 79861 | Slime:5  | Identified the "Peatuty" (Sif Muna gifted it to you on
                  | level 5 of the Pits of Slime)
 79861 | Slime:5  | Identified the of Cidinnal (Sif Muna gifted it to you on
                  | level 5 of the Pits of Slime)
 79861 | Slime:5  | Identified the of Idaheqa (Sif Muna gifted it to you on
                  | level 5 of the Pits of Slime)
 79861 | Slime:5  | Identified the of Jykhluas (Sif Muna gifted it to you on
                  | level 5 of the Pits of Slime)
 79861 | Slime:5  | Received a gift from Sif Muna
 80626 | Slime:5  | Found a viscous altar of Jiyva.
 80844 | Slime:5  | Killed the Royal Jelly
 81037 | Slime:5  | Identified the +1 broad axe of Intuition {heavy, rF+}
 81043 | Slime:5  | Identified the +0 pair of gloves of the Game of Kings
                  | {rPois rCorr Int+3}
 81067 | Slime:5  | Identified the staff of a bailey {Drain rF+ rC+ rN++ Str+4
                  | Ice}
 81081 | Slime:5  | Identified the +6 arbalest of the Charming Jester {drain,
                  | rC+ rN+}
 81085 | Slime:5  | Identified the staff "Tikayhamn" {rElec Will+ MP+9 Str+2
                  | Air}
 81097 | Slime:5  | Got a slimy rune of Zot
 81573 | Zot:1    | Entered Level 1 of the Realm of Zot
 81574 | Zot:1    | Found a broken altar of Ashenzari.
 81574 | Zot:1    | Found a shimmering altar of Xom.
 81794 | Zot:1    | Reached skill level 15 in Fighting
 82084 | Zot:1    | Noticed an orb of fire
 82096 | Zot:1    | Killed an orb of fire
 82901 | Zot:1    | Identified the +0 ring mail of the Big Bang {rElec rC++
                  | Dex-4 SInv}
 82936 | Zot:2    | Noticed an orb of fire
 82948 | Zot:1    | Killed an orb of fire
 84650 | Zot:3    | Identified the "Gick" (Sif Muna gifted it to you on level
                  | 3 of the Realm of Zot)
 84650 | Zot:3    | Identified the of Roaxuzag (Sif Muna gifted it to you on
                  | level 3 of the Realm of Zot)
 84650 | Zot:3    | Identified the "Hox Iwiss" (Sif Muna gifted it to you on
                  | level 3 of the Realm of Zot)
 84650 | Zot:3    | Identified the of Uhijub (Sif Muna gifted it to you on
                  | level 3 of the Realm of Zot)
 84650 | Zot:3    | Identified the "Toschi" (Sif Muna gifted it to you on
                  | level 3 of the Realm of Zot)
 84650 | Zot:3    | Identified the of Coddan (Sif Muna gifted it to you on
                  | level 3 of the Realm of Zot)
 84650 | Zot:3    | Identified the "Itulirr" (Sif Muna gifted it to you on
                  | level 3 of the Realm of Zot)
 84650 | Zot:3    | Identified the "Faitaho" (Sif Muna gifted it to you on
                  | level 3 of the Realm of Zot)
 84650 | Zot:3    | Identified the "Daungem" (Sif Muna gifted it to you on
                  | level 3 of the Realm of Zot)
 84650 | Zot:3    | Identified the of Towextoy (Sif Muna gifted it to you on
                  | level 3 of the Realm of Zot)
 84650 | Zot:3    | Identified the "Porurgh" (Sif Muna gifted it to you on
                  | level 3 of the Realm of Zot)
 84650 | Zot:3    | Identified the "Gishusk" (Sif Muna gifted it to you on
                  | level 3 of the Realm of Zot)
 84650 | Zot:3    | Identified the "Zoschekhe" (Sif Muna gifted it to you on
                  | level 3 of the Realm of Zot)
 84650 | Zot:3    | Identified the "Daurch" (Sif Muna gifted it to you on
                  | level 3 of the Realm of Zot)
 84650 | Zot:3    | Identified the "Hogugou" (Sif Muna gifted it to you on
                  | level 3 of the Realm of Zot)
 84650 | Zot:3    | Identified the "Zevim" (Sif Muna gifted it to you on level
                  | 3 of the Realm of Zot)
 84650 | Zot:3    | Identified the "Ullamp" (Sif Muna gifted it to you on
                  | level 3 of the Realm of Zot)
 84650 | Zot:3    | Identified the "Tusinu" (Sif Muna gifted it to you on
                  | level 3 of the Realm of Zot)
 84650 | Zot:3    | Identified the of Dued (Sif Muna gifted it to you on level
                  | 3 of the Realm of Zot)
 84650 | Zot:3    | Identified the "Bozuhish" (Sif Muna gifted it to you on
                  | level 3 of the Realm of Zot)
 84650 | Zot:3    | Identified the "Uvvergh" (Sif Muna gifted it to you on
                  | level 3 of the Realm of Zot)
 84650 | Zot:3    | Identified the of Yloi (Sif Muna gifted it to you on level
                  | 3 of the Realm of Zot)
 84650 | Zot:3    | Identified the "Nyemm" (Sif Muna gifted it to you on level
                  | 3 of the Realm of Zot)
 84650 | Zot:3    | Identified the "Vuziheeso" (Sif Muna gifted it to you on
                  | level 3 of the Realm of Zot)
 84650 | Zot:3    | Identified the "Odojolol" (Sif Muna gifted it to you on
                  | level 3 of the Realm of Zot)
 84650 | Zot:3    | Identified the "Yfielab" (Sif Muna gifted it to you on
                  | level 3 of the Realm of Zot)
 84650 | Zot:3    | Identified the "Toexot" (Sif Muna gifted it to you on
                  | level 3 of the Realm of Zot)
 84650 | Zot:3    | Identified the "Foxaob" (Sif Muna gifted it to you on
                  | level 3 of the Realm of Zot)
 84650 | Zot:3    | Identified the "Comug" (Sif Muna gifted it to you on level
                  | 3 of the Realm of Zot)
 84650 | Zot:3    | Identified the "Ruzxe" (Sif Muna gifted it to you on level
                  | 3 of the Realm of Zot)
 84650 | Zot:3    | Identified the of Ogihat (Sif Muna gifted it to you on
                  | level 3 of the Realm of Zot)
 84650 | Zot:3    | Identified the of Ynoic (Sif Muna gifted it to you on
                  | level 3 of the Realm of Zot)
 84702 | Zot:3    | Identified the "Eluogom" (Sif Muna gifted it to you on
                  | level 3 of the Realm of Zot)
 84702 | Zot:3    | Identified the "Qeam" (Sif Muna gifted it to you on level
                  | 3 of the Realm of Zot)
 84702 | Zot:3    | Identified the "Keinur" (Sif Muna gifted it to you on
                  | level 3 of the Realm of Zot)
 84702 | Zot:3    | Identified the "Itotritz" (Sif Muna gifted it to you on
                  | level 3 of the Realm of Zot)
 84702 | Zot:3    | Identified the "Xudihuv" (Sif Muna gifted it to you on
                  | level 3 of the Realm of Zot)
 84702 | Zot:3    | Identified the "Ohaliva" (Sif Muna gifted it to you on
                  | level 3 of the Realm of Zot)
 84702 | Zot:3    | Identified the of Imuibin (Sif Muna gifted it to you on
                  | level 3 of the Realm of Zot)
 84702 | Zot:3    | Identified the "Meepoke" (Sif Muna gifted it to you on
                  | level 3 of the Realm of Zot)
 84702 | Zot:3    | Identified the of Mubb (Sif Muna gifted it to you on level
                  | 3 of the Realm of Zot)
 84702 | Zot:3    | Identified the "Qopoaruf" (Sif Muna gifted it to you on
                  | level 3 of the Realm of Zot)
 84702 | Zot:3    | Identified the "Zaheipp" (Sif Muna gifted it to you on
                  | level 3 of the Realm of Zot)
 84702 | Zot:3    | Identified the of Voj Qomm (Sif Muna gifted it to you on
                  | level 3 of the Realm of Zot)
 84702 | Zot:3    | Identified the "Oviobraog" (Sif Muna gifted it to you on
                  | level 3 of the Realm of Zot)
 84702 | Zot:3    | Identified the "Veafinum" (Sif Muna gifted it to you on
                  | level 3 of the Realm of Zot)
 84702 | Zot:3    | Identified the "Zici" (Sif Muna gifted it to you on level
                  | 3 of the Realm of Zot)
 84702 | Zot:3    | Identified the "Liud" (Sif Muna gifted it to you on level
                  | 3 of the Realm of Zot)
 84702 | Zot:3    | Identified the "Mituduics" (Sif Muna gifted it to you on
                  | level 3 of the Realm of Zot)
 84702 | Zot:3    | Identified the "Ebitecam" (Sif Muna gifted it to you on
                  | level 3 of the Realm of Zot)
 84702 | Zot:3    | Identified the of Kenes (Sif Muna gifted it to you on
                  | level 3 of the Realm of Zot)
 84702 | Zot:3    | Identified the "Gumiwn" (Sif Muna gifted it to you on
                  | level 3 of the Realm of Zot)
 84702 | Zot:3    | Identified the of Giran (Sif Muna gifted it to you on
                  | level 3 of the Realm of Zot)
 84702 | Zot:3    | Identified the "Sabitoew" (Sif Muna gifted it to you on
                  | level 3 of the Realm of Zot)
 84702 | Zot:3    | Identified the of Irphable (Sif Muna gifted it to you on
                  | level 3 of the Realm of Zot)
 84702 | Zot:3    | Identified the of Pouzudio (Sif Muna gifted it to you on
                  | level 3 of the Realm of Zot)
 84702 | Zot:3    | Identified the "Deten" (Sif Muna gifted it to you on level
                  | 3 of the Realm of Zot)
 84702 | Zot:3    | Identified the "Eliseb" (Sif Muna gifted it to you on
                  | level 3 of the Realm of Zot)
 84702 | Zot:3    | Identified the "Ysmudud" (Sif Muna gifted it to you on
                  | level 3 of the Realm of Zot)
 84702 | Zot:3    | Identified the "Roosuadgh" (Sif Muna gifted it to you on
                  | level 3 of the Realm of Zot)
 84702 | Zot:3    | Identified the of Qalet (Sif Muna gifted it to you on
                  | level 3 of the Realm of Zot)
 84702 | Zot:3    | Identified the "Xustak" (Sif Muna gifted it to you on
                  | level 3 of the Realm of Zot)
 84702 | Zot:3    | Identified the "Asixtiatz" (Sif Muna gifted it to you on
                  | level 3 of the Realm of Zot)
 84702 | Zot:3    | Identified the "Tahus" (Sif Muna gifted it to you on level
                  | 3 of the Realm of Zot)
 84702 | Zot:3    | Identified the "Edur" (Sif Muna gifted it to you on level
                  | 3 of the Realm of Zot)
 85589 | Zot:4    | Identified the "Gicyenesh" (Sif Muna gifted it to you on
                  | level 4 of the Realm of Zot)
 85589 | Zot:4    | Identified the "Jeaz" (Sif Muna gifted it to you on level
                  | 4 of the Realm of Zot)
 85589 | Zot:4    | Identified the "Lakonocw" (Sif Muna gifted it to you on
                  | level 4 of the Realm of Zot)
 85589 | Zot:4    | Identified the of Zityoll (Sif Muna gifted it to you on
                  | level 4 of the Realm of Zot)
 85589 | Zot:4    | Identified the "Celidu" (Sif Muna gifted it to you on
                  | level 4 of the Realm of Zot)
 85589 | Zot:4    | Identified the "Qepot" (Sif Muna gifted it to you on level
                  | 4 of the Realm of Zot)
 85589 | Zot:4    | Identified the of Casana (Sif Muna gifted it to you on
                  | level 4 of the Realm of Zot)
 85589 | Zot:4    | Identified the "Cokucae" (Sif Muna gifted it to you on
                  | level 4 of the Realm of Zot)
 85589 | Zot:4    | Identified the "Hiufiqet" (Sif Muna gifted it to you on
                  | level 4 of the Realm of Zot)
 85589 | Zot:4    | Identified the "Diarch" (Sif Muna gifted it to you on
                  | level 4 of the Realm of Zot)
 85589 | Zot:4    | Identified the "Untai" (Sif Muna gifted it to you on level
                  | 4 of the Realm of Zot)
 85589 | Zot:4    | Identified the "Luciura" (Sif Muna gifted it to you on
                  | level 4 of the Realm of Zot)
 85589 | Zot:4    | Identified the "Dacvel" (Sif Muna gifted it to you on
                  | level 4 of the Realm of Zot)
 85589 | Zot:4    | Identified the "Kudd" (Sif Muna gifted it to you on level
                  | 4 of the Realm of Zot)
 85589 | Zot:4    | Identified the "Iqig Ito" (Sif Muna gifted it to you on
                  | level 4 of the Realm of Zot)
 85589 | Zot:4    | Identified the "Sizoys" (Sif Muna gifted it to you on
                  | level 4 of the Realm of Zot)
 85589 | Zot:4    | Identified the "Zinapt" (Sif Muna gifted it to you on
                  | level 4 of the Realm of Zot)
 85589 | Zot:4    | Identified the "Qatwiaz" (Sif Muna gifted it to you on
                  | level 4 of the Realm of Zot)
 85589 | Zot:4    | Identified the "Jaomot" (Sif Muna gifted it to you on
                  | level 4 of the Realm of Zot)
 85589 | Zot:4    | Identified the "Amatepaa" (Sif Muna gifted it to you on
                  | level 4 of the Realm of Zot)
 85589 | Zot:4    | Identified the of Pufudd (Sif Muna gifted it to you on
                  | level 4 of the Realm of Zot)
 85589 | Zot:4    | Identified the "Adidghich" (Sif Muna gifted it to you on
                  | level 4 of the Realm of Zot)
 85589 | Zot:4    | Identified the "Sexut" (Sif Muna gifted it to you on level
                  | 4 of the Realm of Zot)
 85589 | Zot:4    | Identified the of Futorulu (Sif Muna gifted it to you on
                  | level 4 of the Realm of Zot)
 85589 | Zot:4    | Identified the "Isukiz" (Sif Muna gifted it to you on
                  | level 4 of the Realm of Zot)
 85589 | Zot:4    | Identified the "Odghuull" (Sif Muna gifted it to you on
                  | level 4 of the Realm of Zot)
 85589 | Zot:4    | Identified the "Pofogreb" (Sif Muna gifted it to you on
                  | level 4 of the Realm of Zot)
 85589 | Zot:4    | Identified the "Buogau" (Sif Muna gifted it to you on
                  | level 4 of the Realm of Zot)
 85589 | Zot:4    | Identified the "Gisorcho" (Sif Muna gifted it to you on
                  | level 4 of the Realm of Zot)
 85996 | Zot:4    | Identified the of Nudezujo (Sif Muna gifted it to you on
                  | level 4 of the Realm of Zot)
 85996 | Zot:4    | Identified the "Ruoliss" (Sif Muna gifted it to you on
                  | level 4 of the Realm of Zot)
 85996 | Zot:4    | Identified the "Suwnatti" (Sif Muna gifted it to you on
                  | level 4 of the Realm of Zot)
 85996 | Zot:4    | Identified the "Maivigg" (Sif Muna gifted it to you on
                  | level 4 of the Realm of Zot)
 85996 | Zot:4    | Identified the "Fuem" (Sif Muna gifted it to you on level
                  | 4 of the Realm of Zot)
 85996 | Zot:4    | Identified the "Fukokuf" (Sif Muna gifted it to you on
                  | level 4 of the Realm of Zot)
 85996 | Zot:4    | Identified the of Daodij (Sif Muna gifted it to you on
                  | level 4 of the Realm of Zot)
 85996 | Zot:4    | Identified the of Ilasy (Sif Muna gifted it to you on
                  | level 4 of the Realm of Zot)
 85996 | Zot:4    | Identified the of Ulovisha (Sif Muna gifted it to you on
                  | level 4 of the Realm of Zot)
 85996 | Zot:4    | Identified the of Somi (Sif Muna gifted it to you on level
                  | 4 of the Realm of Zot)
 85996 | Zot:4    | Identified the of Cifex (Sif Muna gifted it to you on
                  | level 4 of the Realm of Zot)
 85996 | Zot:4    | Identified the "Yplulin" (Sif Muna gifted it to you on
                  | level 4 of the Realm of Zot)
 85996 | Zot:4    | Identified the "Obrot" (Sif Muna gifted it to you on level
                  | 4 of the Realm of Zot)
 85996 | Zot:4    | Identified the of Jihajyk (Sif Muna gifted it to you on
                  | level 4 of the Realm of Zot)
 85996 | Zot:4    | Identified the of Nawitrema (Sif Muna gifted it to you on
                  | level 4 of the Realm of Zot)
 85996 | Zot:4    | Identified the "Gaofonuff" (Sif Muna gifted it to you on
                  | level 4 of the Realm of Zot)
 85996 | Zot:4    | Identified the "Canat" (Sif Muna gifted it to you on level
                  | 4 of the Realm of Zot)
 85996 | Zot:4    | Identified the of Cuabudgh (Sif Muna gifted it to you on
                  | level 4 of the Realm of Zot)
 85996 | Zot:4    | Identified the of Reprob (Sif Muna gifted it to you on
                  | level 4 of the Realm of Zot)
 85996 | Zot:4    | Identified the of Oloulok (Sif Muna gifted it to you on
                  | level 4 of the Realm of Zot)
 85996 | Zot:4    | Identified the "Quolut" (Sif Muna gifted it to you on
                  | level 4 of the Realm of Zot)
 85996 | Zot:4    | Identified the "Amuchyv" (Sif Muna gifted it to you on
                  | level 4 of the Realm of Zot)
 85996 | Zot:4    | Identified the of Lyinyto (Sif Muna gifted it to you on
                  | level 4 of the Realm of Zot)
 85996 | Zot:4    | Identified the "Ziusoz" (Sif Muna gifted it to you on
                  | level 4 of the Realm of Zot)
 85996 | Zot:4    | Identified the "Ymynnuz" (Sif Muna gifted it to you on
                  | level 4 of the Realm of Zot)
 85996 | Zot:4    | Identified the "Xodghaosa" (Sif Muna gifted it to you on
                  | level 4 of the Realm of Zot)
 85996 | Zot:4    | Identified the "Obliodd" (Sif Muna gifted it to you on
                  | level 4 of the Realm of Zot)
 85996 | Zot:4    | Identified the of Varo Lyt (Sif Muna gifted it to you on
                  | level 4 of the Realm of Zot)
 85996 | Zot:4    | Identified the "Ytanuf" (Sif Muna gifted it to you on
                  | level 4 of the Realm of Zot)
 85996 | Zot:4    | Identified the "Necug" (Sif Muna gifted it to you on level
                  | 4 of the Realm of Zot)
 85996 | Zot:4    | Identified the of Irinumuo (Sif Muna gifted it to you on
                  | level 4 of the Realm of Zot)
 86002 | Zot:4    | Identified the "Meosi" (Sif Muna gifted it to you on level
                  | 4 of the Realm of Zot)
 86002 | Zot:4    | Identified the "Piabelic" (Sif Muna gifted it to you on
                  | level 4 of the Realm of Zot)
 86002 | Zot:4    | Identified the "Xinixel" (Sif Muna gifted it to you on
                  | level 4 of the Realm of Zot)
 86002 | Zot:4    | Identified the of Dics (Sif Muna gifted it to you on level
                  | 4 of the Realm of Zot)
 86002 | Zot:4    | Identified the "Aqiorys" (Sif Muna gifted it to you on
                  | level 4 of the Realm of Zot)
 86002 | Zot:4    | Identified the of Liag (Sif Muna gifted it to you on level
                  | 4 of the Realm of Zot)
 86002 | Zot:4    | Identified the "Waih" (Sif Muna gifted it to you on level
                  | 4 of the Realm of Zot)
 86002 | Zot:4    | Identified the "Raur" (Sif Muna gifted it to you on level
                  | 4 of the Realm of Zot)
 86002 | Zot:4    | Identified the "Naut" (Sif Muna gifted it to you on level
                  | 4 of the Realm of Zot)
 86002 | Zot:4    | Identified the of Buser (Sif Muna gifted it to you on
                  | level 4 of the Realm of Zot)
 86002 | Zot:4    | Identified the of Rotaum (Sif Muna gifted it to you on
                  | level 4 of the Realm of Zot)
 86002 | Zot:4    | Identified the of Meycin (Sif Muna gifted it to you on
                  | level 4 of the Realm of Zot)
 86002 | Zot:4    | Identified the "Uskiexuu" (Sif Muna gifted it to you on
                  | level 4 of the Realm of Zot)
 86002 | Zot:4    | Identified the "Dodem" (Sif Muna gifted it to you on level
                  | 4 of the Realm of Zot)
 86002 | Zot:4    | Identified the of Leeph (Sif Muna gifted it to you on
                  | level 4 of the Realm of Zot)
 86002 | Zot:4    | Identified the "Rais" (Sif Muna gifted it to you on level
                  | 4 of the Realm of Zot)
 86002 | Zot:4    | Identified the "Jeekk" (Sif Muna gifted it to you on level
                  | 4 of the Realm of Zot)
 86002 | Zot:4    | Identified the "Mokacwoi" (Sif Muna gifted it to you on
                  | level 4 of the Realm of Zot)
 86002 | Zot:4    | Identified the "Boraplox" (Sif Muna gifted it to you on
                  | level 4 of the Realm of Zot)
 86002 | Zot:4    | Identified the "Loiblian" (Sif Muna gifted it to you on
                  | level 4 of the Realm of Zot)
 86002 | Zot:4    | Identified the "Enain" (Sif Muna gifted it to you on level
                  | 4 of the Realm of Zot)
 86002 | Zot:4    | Identified the of Binwih (Sif Muna gifted it to you on
                  | level 4 of the Realm of Zot)
 86002 | Zot:4    | Identified the of Uvimont (Sif Muna gifted it to you on
                  | level 4 of the Realm of Zot)
 86002 | Zot:4    | Identified the "Comorra" (Sif Muna gifted it to you on
                  | level 4 of the Realm of Zot)
 86002 | Zot:4    | Identified the of Qas Xuc (Sif Muna gifted it to you on
                  | level 4 of the Realm of Zot)
 86002 | Zot:4    | Identified the of Naph (Sif Muna gifted it to you on level
                  | 4 of the Realm of Zot)
 86002 | Zot:4    | Identified the "Mass" (Sif Muna gifted it to you on level
                  | 4 of the Realm of Zot)
 86002 | Zot:4    | Identified the "Keezuen" (Sif Muna gifted it to you on
                  | level 4 of the Realm of Zot)
 86002 | Zot:4    | Identified the of Vitur (Sif Muna gifted it to you on
                  | level 4 of the Realm of Zot)
 86002 | Zot:4    | Identified the "Badon" (Sif Muna gifted it to you on level
                  | 4 of the Realm of Zot)
 86002 | Zot:4    | Identified the of Daotauw (Sif Muna gifted it to you on
                  | level 4 of the Realm of Zot)
 86002 | Zot:4    | Identified the of Mihidath (Sif Muna gifted it to you on
                  | level 4 of the Realm of Zot)
 86510 | Zot:4    | Found the +4 dragonskin cloak
 86510 | Zot:4    | Noticed Tiamat
 86778 | Zot:4    | Identified the of Vocont (Sif Muna gifted it to you on
                  | level 4 of the Realm of Zot)
 86778 | Zot:4    | Identified the of Iwaix (Sif Muna gifted it to you on
                  | level 4 of the Realm of Zot)
 86778 | Zot:4    | Identified the "Cicyul" (Sif Muna gifted it to you on
                  | level 4 of the Realm of Zot)
 86778 | Zot:4    | Identified the "Ruven" (Sif Muna gifted it to you on level
                  | 4 of the Realm of Zot)
 86778 | Zot:4    | Identified the "Pionn" (Sif Muna gifted it to you on level
                  | 4 of the Realm of Zot)
 86778 | Zot:4    | Identified the "Moikhlaoji" (Sif Muna gifted it to you on
                  | level 4 of the Realm of Zot)
 86778 | Zot:4    | Identified the of Ilit (Sif Muna gifted it to you on level
                  | 4 of the Realm of Zot)
 86778 | Zot:4    | Identified the "Qylud" (Sif Muna gifted it to you on level
                  | 4 of the Realm of Zot)
 86778 | Zot:4    | Identified the of Tuyg (Sif Muna gifted it to you on level
                  | 4 of the Realm of Zot)
 86778 | Zot:4    | Identified the "Wiufraoj" (Sif Muna gifted it to you on
                  | level 4 of the Realm of Zot)
 86778 | Zot:4    | Identified the "Ojynoh" (Sif Muna gifted it to you on
                  | level 4 of the Realm of Zot)
 86778 | Zot:4    | Identified the "Ynoent" (Sif Muna gifted it to you on
                  | level 4 of the Realm of Zot)
 86778 | Zot:4    | Identified the "Xitaodgh" (Sif Muna gifted it to you on
                  | level 4 of the Realm of Zot)
 86778 | Zot:4    | Identified the "Gaiggod" (Sif Muna gifted it to you on
                  | level 4 of the Realm of Zot)
 86778 | Zot:4    | Identified the "Doclif" (Sif Muna gifted it to you on
                  | level 4 of the Realm of Zot)
 86778 | Zot:4    | Identified the "Feoz" (Sif Muna gifted it to you on level
                  | 4 of the Realm of Zot)
 86778 | Zot:4    | Identified the of Hiaredd (Sif Muna gifted it to you on
                  | level 4 of the Realm of Zot)
 86778 | Zot:4    | Identified the "Ihagaosch" (Sif Muna gifted it to you on
                  | level 4 of the Realm of Zot)
 86778 | Zot:4    | Identified the "Ytai" (Sif Muna gifted it to you on level
                  | 4 of the Realm of Zot)
 86778 | Zot:4    | Identified the of Wuuxkip (Sif Muna gifted it to you on
                  | level 4 of the Realm of Zot)
 86778 | Zot:4    | Identified the "Datz" (Sif Muna gifted it to you on level
                  | 4 of the Realm of Zot)
 86778 | Zot:4    | Identified the "Ogudwuu" (Sif Muna gifted it to you on
                  | level 4 of the Realm of Zot)
 86778 | Zot:4    | Identified the "Vaghyjia" (Sif Muna gifted it to you on
                  | level 4 of the Realm of Zot)
 86778 | Zot:4    | Identified the of Jivyreod (Sif Muna gifted it to you on
                  | level 4 of the Realm of Zot)
 86778 | Zot:4    | Identified the of Qonioshi (Sif Muna gifted it to you on
                  | level 4 of the Realm of Zot)
 86778 | Zot:4    | Identified the "Velept" (Sif Muna gifted it to you on
                  | level 4 of the Realm of Zot)
 86778 | Zot:4    | Identified the of Xuast (Sif Muna gifted it to you on
                  | level 4 of the Realm of Zot)
 86778 | Zot:4    | Identified the of Gaylilin (Sif Muna gifted it to you on
                  | level 4 of the Realm of Zot)
 86778 | Zot:4    | Identified the "Fell" (Sif Muna gifted it to you on level
                  | 4 of the Realm of Zot)
 86778 | Zot:4    | Identified the of Beatyclau (Sif Muna gifted it to you on
                  | level 4 of the Realm of Zot)
 86778 | Zot:4    | Identified the "Dyposeav" (Sif Muna gifted it to you on
                  | level 4 of the Realm of Zot)
 86778 | Zot:4    | Identified the of Miyreneq (Sif Muna gifted it to you on
                  | level 4 of the Realm of Zot)
 87152 | Zot:4    | Identified the "Zihex" (Sif Muna gifted it to you on level
                  | 4 of the Realm of Zot)
 87152 | Zot:4    | Identified the "Posm" (Sif Muna gifted it to you on level
                  | 4 of the Realm of Zot)
 87152 | Zot:4    | Identified the of Ysunem (Sif Muna gifted it to you on
                  | level 4 of the Realm of Zot)
 87152 | Zot:4    | Identified the "Bachae" (Sif Muna gifted it to you on
                  | level 4 of the Realm of Zot)
 87152 | Zot:4    | Identified the "Cohaq" (Sif Muna gifted it to you on level
                  | 4 of the Realm of Zot)
 87152 | Zot:4    | Identified the "Qussymib" (Sif Muna gifted it to you on
                  | level 4 of the Realm of Zot)
 87152 | Zot:4    | Identified the "Plog" (Sif Muna gifted it to you on level
                  | 4 of the Realm of Zot)
 87152 | Zot:4    | Identified the "Butwolua" (Sif Muna gifted it to you on
                  | level 4 of the Realm of Zot)
 87152 | Zot:4    | Identified the "Ytreschyosi" (Sif Muna gifted it to you on
                  | level 4 of the Realm of Zot)
 87152 | Zot:4    | Identified the "Naeroc" (Sif Muna gifted it to you on
                  | level 4 of the Realm of Zot)
 87152 | Zot:4    | Identified the of Ighamacs (Sif Muna gifted it to you on
                  | level 4 of the Realm of Zot)
 87152 | Zot:4    | Identified the "Uliuny" (Sif Muna gifted it to you on
                  | level 4 of the Realm of Zot)
 87152 | Zot:4    | Identified the "Vueptur" (Sif Muna gifted it to you on
                  | level 4 of the Realm of Zot)
 87152 | Zot:4    | Identified the "Posany" (Sif Muna gifted it to you on
                  | level 4 of the Realm of Zot)
 87152 | Zot:4    | Identified the "Wikod" (Sif Muna gifted it to you on level
                  | 4 of the Realm of Zot)
 87152 | Zot:4    | Identified the "Wiodwoata" (Sif Muna gifted it to you on
                  | level 4 of the Realm of Zot)
 87152 | Zot:4    | Identified the of Soikluice (Sif Muna gifted it to you on
                  | level 4 of the Realm of Zot)
 87152 | Zot:4    | Identified the "Koalu Kumn" (Sif Muna gifted it to you on
                  | level 4 of the Realm of Zot)
 87152 | Zot:4    | Identified the of Astiw (Sif Muna gifted it to you on
                  | level 4 of the Realm of Zot)
 87152 | Zot:4    | Identified the of Oghuoqyo (Sif Muna gifted it to you on
                  | level 4 of the Realm of Zot)
 87152 | Zot:4    | Identified the of Xycaley (Sif Muna gifted it to you on
                  | level 4 of the Realm of Zot)
 87152 | Zot:4    | Identified the of Utzea (Sif Muna gifted it to you on
                  | level 4 of the Realm of Zot)
 87152 | Zot:4    | Identified the of Muxufi (Sif Muna gifted it to you on
                  | level 4 of the Realm of Zot)
 87152 | Zot:4    | Identified the "Oralolykk" (Sif Muna gifted it to you on
                  | level 4 of the Realm of Zot)
 87152 | Zot:4    | Identified the "Qevvurudgh" (Sif Muna gifted it to you on
                  | level 4 of the Realm of Zot)
 87152 | Zot:4    | Identified the of Tutel (Sif Muna gifted it to you on
                  | level 4 of the Realm of Zot)
 87152 | Zot:4    | Identified the "Unnab" (Sif Muna gifted it to you on level
                  | 4 of the Realm of Zot)
 87152 | Zot:4    | Identified the of Xykuq Cid (Sif Muna gifted it to you on
                  | level 4 of the Realm of Zot)
 87152 | Zot:4    | Identified the of Xyuneath (Sif Muna gifted it to you on
                  | level 4 of the Realm of Zot)
 87152 | Zot:4    | Identified the "Tyaseosi" (Sif Muna gifted it to you on
                  | level 4 of the Realm of Zot)
 87152 | Zot:4    | Identified the of Fooruevue (Sif Muna gifted it to you on
                  | level 4 of the Realm of Zot)
 87152 | Zot:4    | Identified the of Oxkizyes (Sif Muna gifted it to you on
                  | level 4 of the Realm of Zot)
 87152 | Zot:4    | Identified the "Daim" (Sif Muna gifted it to you on level
                  | 4 of the Realm of Zot)
 87216 | Zot:4    | Killed Tiamat
 87417 | Zot:4    | Identified the "Fanyrax" (Sif Muna gifted it to you on
                  | level 4 of the Realm of Zot)
 87417 | Zot:4    | Identified the "Jofown" (Sif Muna gifted it to you on
                  | level 4 of the Realm of Zot)
 87417 | Zot:4    | Identified the of Pora (Sif Muna gifted it to you on level
                  | 4 of the Realm of Zot)
 87417 | Zot:4    | Identified the of Piaz (Sif Muna gifted it to you on level
                  | 4 of the Realm of Zot)
 87417 | Zot:4    | Identified the "Udeize" (Sif Muna gifted it to you on
                  | level 4 of the Realm of Zot)
 87417 | Zot:4    | Identified the "Nuuploed" (Sif Muna gifted it to you on
                  | level 4 of the Realm of Zot)
 87417 | Zot:4    | Identified the of Seycekhli (Sif Muna gifted it to you on
                  | level 4 of the Realm of Zot)
 87417 | Zot:4    | Identified the "Xon Biu" (Sif Muna gifted it to you on
                  | level 4 of the Realm of Zot)
 87417 | Zot:4    | Identified the "Tefet" (Sif Muna gifted it to you on level
                  | 4 of the Realm of Zot)
 87417 | Zot:4    | Identified the "Vayll" (Sif Muna gifted it to you on level
                  | 4 of the Realm of Zot)
 87417 | Zot:4    | Identified the of Vedirit (Sif Muna gifted it to you on
                  | level 4 of the Realm of Zot)
 87417 | Zot:4    | Identified the of Giecer (Sif Muna gifted it to you on
                  | level 4 of the Realm of Zot)
 87417 | Zot:4    | Identified the of Dokhacan (Sif Muna gifted it to you on
                  | level 4 of the Realm of Zot)
 87417 | Zot:4    | Identified the "Isoh" (Sif Muna gifted it to you on level
                  | 4 of the Realm of Zot)
 87417 | Zot:4    | Identified the of Qonloor (Sif Muna gifted it to you on
                  | level 4 of the Realm of Zot)
 87417 | Zot:4    | Identified the "Womium" (Sif Muna gifted it to you on
                  | level 4 of the Realm of Zot)
 87417 | Zot:4    | Identified the "Xid Exzicun" (Sif Muna gifted it to you on
                  | level 4 of the Realm of Zot)
 87417 | Zot:4    | Identified the "Soim" (Sif Muna gifted it to you on level
                  | 4 of the Realm of Zot)
 87417 | Zot:4    | Identified the "Zicathan" (Sif Muna gifted it to you on
                  | level 4 of the Realm of Zot)
 87417 | Zot:4    | Identified the "Teociuni" (Sif Muna gifted it to you on
                  | level 4 of the Realm of Zot)
 87417 | Zot:4    | Identified the of Daomuw (Sif Muna gifted it to you on
                  | level 4 of the Realm of Zot)
 87417 | Zot:4    | Identified the "Zahi" (Sif Muna gifted it to you on level
                  | 4 of the Realm of Zot)
 87417 | Zot:4    | Identified the "Taotek" (Sif Muna gifted it to you on
                  | level 4 of the Realm of Zot)
 87417 | Zot:4    | Identified the of Caig (Sif Muna gifted it to you on level
                  | 4 of the Realm of Zot)
 87417 | Zot:4    | Identified the "Godaimiats" (Sif Muna gifted it to you on
                  | level 4 of the Realm of Zot)
 87417 | Zot:4    | Identified the "Cugonivu" (Sif Muna gifted it to you on
                  | level 4 of the Realm of Zot)
 87417 | Zot:4    | Identified the of Aschoden (Sif Muna gifted it to you on
                  | level 4 of the Realm of Zot)
 87417 | Zot:4    | Identified the of Zeemis (Sif Muna gifted it to you on
                  | level 4 of the Realm of Zot)
 87418 | Zot:4    | Reached XP level 25. HP: 201/201 MP: 21/47
 87948 | Zot:4    | Identified the "Cufier" (Sif Muna gifted it to you on
                  | level 4 of the Realm of Zot)
 87948 | Zot:4    | Identified the of Joudaomm (Sif Muna gifted it to you on
                  | level 4 of the Realm of Zot)
 87948 | Zot:4    | Identified the "Wifuoqe" (Sif Muna gifted it to you on
                  | level 4 of the Realm of Zot)
 87948 | Zot:4    | Identified the "Nuoklaad" (Sif Muna gifted it to you on
                  | level 4 of the Realm of Zot)
 87948 | Zot:4    | Identified the "Tenn" (Sif Muna gifted it to you on level
                  | 4 of the Realm of Zot)
 87948 | Zot:4    | Identified the of Xyelu (Sif Muna gifted it to you on
                  | level 4 of the Realm of Zot)
 87948 | Zot:4    | Identified the "Zucar" (Sif Muna gifted it to you on level
                  | 4 of the Realm of Zot)
 87948 | Zot:4    | Identified the "Lolodunt" (Sif Muna gifted it to you on
                  | level 4 of the Realm of Zot)
 87948 | Zot:4    | Identified the "Fegover" (Sif Muna gifted it to you on
                  | level 4 of the Realm of Zot)
 87948 | Zot:4    | Identified the of Gaso (Sif Muna gifted it to you on level
                  | 4 of the Realm of Zot)
 87948 | Zot:4    | Identified the "Bunwusm" (Sif Muna gifted it to you on
                  | level 4 of the Realm of Zot)
 87948 | Zot:4    | Identified the "Hotsum" (Sif Muna gifted it to you on
                  | level 4 of the Realm of Zot)
 87948 | Zot:4    | Identified the of Qoel Xogg (Sif Muna gifted it to you on
                  | level 4 of the Realm of Zot)
 87948 | Zot:4    | Identified the "Gepret" (Sif Muna gifted it to you on
                  | level 4 of the Realm of Zot)
 87948 | Zot:4    | Identified the "Isurch" (Sif Muna gifted it to you on
                  | level 4 of the Realm of Zot)
 87948 | Zot:4    | Identified the "Zixkiulero" (Sif Muna gifted it to you on
                  | level 4 of the Realm of Zot)
 87948 | Zot:4    | Identified the "Qoxuuhom" (Sif Muna gifted it to you on
                  | level 4 of the Realm of Zot)
 87948 | Zot:4    | Identified the "Letuoc" (Sif Muna gifted it to you on
                  | level 4 of the Realm of Zot)
 87948 | Zot:4    | Identified the "Suarghoj" (Sif Muna gifted it to you on
                  | level 4 of the Realm of Zot)
 87948 | Zot:4    | Identified the "Zafragec" (Sif Muna gifted it to you on
                  | level 4 of the Realm of Zot)
 87948 | Zot:4    | Identified the "Vaust" (Sif Muna gifted it to you on level
                  | 4 of the Realm of Zot)
 87948 | Zot:4    | Identified the "Meitymmych" (Sif Muna gifted it to you on
                  | level 4 of the Realm of Zot)
 87948 | Zot:4    | Identified the "Wyuta" (Sif Muna gifted it to you on level
                  | 4 of the Realm of Zot)
 87948 | Zot:4    | Identified the "Giawesk" (Sif Muna gifted it to you on
                  | level 4 of the Realm of Zot)
 87948 | Zot:4    | Identified the of Oserr (Sif Muna gifted it to you on
                  | level 4 of the Realm of Zot)
 87948 | Zot:4    | Identified the "Hiuseix" (Sif Muna gifted it to you on
                  | level 4 of the Realm of Zot)
 87948 | Zot:4    | Identified the "Joarphext" (Sif Muna gifted it to you on
                  | level 4 of the Realm of Zot)
 87948 | Zot:4    | Identified the "Qentinki" (Sif Muna gifted it to you on
                  | level 4 of the Realm of Zot)
 87948 | Zot:4    | Identified the of Duerink (Sif Muna gifted it to you on
                  | level 4 of the Realm of Zot)
 87948 | Zot:4    | Identified the "Jili" (Sif Muna gifted it to you on level
                  | 4 of the Realm of Zot)
 87948 | Zot:4    | Identified the of Kipih (Sif Muna gifted it to you on
                  | level 4 of the Realm of Zot)
 87948 | Zot:4    | Identified the of Ymusk (Sif Muna gifted it to you on
                  | level 4 of the Realm of Zot)
 87948 | Zot:4    | Identified the "Ifouleid" (Sif Muna gifted it to you on
                  | level 4 of the Realm of Zot)
 87948 | Zot:4    | Identified the "Puthrus" (Sif Muna gifted it to you on
                  | level 4 of the Realm of Zot)
 87948 | Zot:4    | Identified the "Zoevoela" (Sif Muna gifted it to you on
                  | level 4 of the Realm of Zot)
 88121 | Zot:4    | Identified the "Eqimpeb" (Sif Muna gifted it to you on
                  | level 4 of the Realm of Zot)
 88121 | Zot:4    | Identified the of Uhae (Sif Muna gifted it to you on level
                  | 4 of the Realm of Zot)
 88121 | Zot:4    | Identified the "Angyl" (Sif Muna gifted it to you on level
                  | 4 of the Realm of Zot)
 88121 | Zot:4    | Identified the "Plog" (Sif Muna gifted it to you on level
                  | 4 of the Realm of Zot)
 88121 | Zot:4    | Identified the "Sooniwne" (Sif Muna gifted it to you on
                  | level 4 of the Realm of Zot)
 88121 | Zot:4    | Identified the of Cuxyhaef (Sif Muna gifted it to you on
                  | level 4 of the Realm of Zot)
 88121 | Zot:4    | Identified the of Zirem (Sif Muna gifted it to you on
                  | level 4 of the Realm of Zot)
 88121 | Zot:4    | Identified the "Epurat" (Sif Muna gifted it to you on
                  | level 4 of the Realm of Zot)
 88121 | Zot:4    | Identified the "Xugoinle" (Sif Muna gifted it to you on
                  | level 4 of the Realm of Zot)
 88121 | Zot:4    | Identified the of Jehehaq (Sif Muna gifted it to you on
                  | level 4 of the Realm of Zot)
 88121 | Zot:4    | Identified the of Sariyrov (Sif Muna gifted it to you on
                  | level 4 of the Realm of Zot)
 88121 | Zot:4    | Identified the "Ruuzamix" (Sif Muna gifted it to you on
                  | level 4 of the Realm of Zot)
 88121 | Zot:4    | Identified the of Nuynk (Sif Muna gifted it to you on
                  | level 4 of the Realm of Zot)
 88121 | Zot:4    | Identified the "Funifap" (Sif Muna gifted it to you on
                  | level 4 of the Realm of Zot)
 88121 | Zot:4    | Identified the of Jonwaxku (Sif Muna gifted it to you on
                  | level 4 of the Realm of Zot)
 88121 | Zot:4    | Identified the of Odihaot (Sif Muna gifted it to you on
                  | level 4 of the Realm of Zot)
 88121 | Zot:4    | Identified the of Irips (Sif Muna gifted it to you on
                  | level 4 of the Realm of Zot)
 88121 | Zot:4    | Identified the of Plog (Sif Muna gifted it to you on level
                  | 4 of the Realm of Zot)
 88121 | Zot:4    | Identified the "Zecroak" (Sif Muna gifted it to you on
                  | level 4 of the Realm of Zot)
 88121 | Zot:4    | Identified the "Kumap" (Sif Muna gifted it to you on level
                  | 4 of the Realm of Zot)
 88121 | Zot:4    | Identified the "Pemp" (Sif Muna gifted it to you on level
                  | 4 of the Realm of Zot)
 88121 | Zot:4    | Identified the "Amerir" (Sif Muna gifted it to you on
                  | level 4 of the Realm of Zot)
 88121 | Zot:4    | Identified the of Bioleoc (Sif Muna gifted it to you on
                  | level 4 of the Realm of Zot)
 88228 | Zot:5    | Entered Level 5 of the Realm of Zot
 88449 | Zot:5    | Reached skill level 15 in Invocations
 88460 | Zot:5    | Identified the "Faehucu" (Sif Muna gifted it to you on
                  | level 5 of the Realm of Zot)
 88460 | Zot:5    | Identified the "Ligudi Wuah" (Sif Muna gifted it to you on
                  | level 5 of the Realm of Zot)
 88460 | Zot:5    | Identified the "Dyvefaa" (Sif Muna gifted it to you on
                  | level 5 of the Realm of Zot)
 88460 | Zot:5    | Identified the of Diuczoa (Sif Muna gifted it to you on
                  | level 5 of the Realm of Zot)
 88460 | Zot:5    | Identified the "Ythru Cas" (Sif Muna gifted it to you on
                  | level 5 of the Realm of Zot)
 88460 | Zot:5    | Identified the "Oskelapu" (Sif Muna gifted it to you on
                  | level 5 of the Realm of Zot)
 88460 | Zot:5    | Identified the "Gaops" (Sif Muna gifted it to you on level
                  | 5 of the Realm of Zot)
 88460 | Zot:5    | Identified the "Xeckuog" (Sif Muna gifted it to you on
                  | level 5 of the Realm of Zot)
 88460 | Zot:5    | Identified the "Wemyn" (Sif Muna gifted it to you on level
                  | 5 of the Realm of Zot)
 88460 | Zot:5    | Identified the "Beydol" (Sif Muna gifted it to you on
                  | level 5 of the Realm of Zot)
 88460 | Zot:5    | Identified the of Utsupowk (Sif Muna gifted it to you on
                  | level 5 of the Realm of Zot)
 88460 | Zot:5    | Identified the "Uwke" (Sif Muna gifted it to you on level
                  | 5 of the Realm of Zot)
 88460 | Zot:5    | Identified the "Mileus" (Sif Muna gifted it to you on
                  | level 5 of the Realm of Zot)
 88460 | Zot:5    | Identified the "Ecvuit" (Sif Muna gifted it to you on
                  | level 5 of the Realm of Zot)
 88460 | Zot:5    | Identified the "Guuciq" (Sif Muna gifted it to you on
                  | level 5 of the Realm of Zot)
 88460 | Zot:5    | Identified the "Soysyoc" (Sif Muna gifted it to you on
                  | level 5 of the Realm of Zot)
 88460 | Zot:5    | Identified the "Beiqu" (Sif Muna gifted it to you on level
                  | 5 of the Realm of Zot)
 88460 | Zot:5    | Identified the of Lylab (Sif Muna gifted it to you on
                  | level 5 of the Realm of Zot)
 88460 | Zot:5    | Identified the of Tunk (Sif Muna gifted it to you on level
                  | 5 of the Realm of Zot)
 88460 | Zot:5    | Identified the of Xinobul (Sif Muna gifted it to you on
                  | level 5 of the Realm of Zot)
 88460 | Zot:5    | Identified the "Mocosicene" (Sif Muna gifted it to you on
                  | level 5 of the Realm of Zot)
 88460 | Zot:5    | Identified the of Jyuconeq (Sif Muna gifted it to you on
                  | level 5 of the Realm of Zot)
 88460 | Zot:5    | Identified the "Sydojen" (Sif Muna gifted it to you on
                  | level 5 of the Realm of Zot)
 88460 | Zot:5    | Identified the of Miewes (Sif Muna gifted it to you on
                  | level 5 of the Realm of Zot)
 89244 | Zot:5    | Reached skill level 5 in Evocations
 89561 | Zot:5    | Identified the "Ekhle" (Sif Muna gifted it to you on level
                  | 5 of the Realm of Zot)
 89561 | Zot:5    | Identified the "Mukhlaipe" (Sif Muna gifted it to you on
                  | level 5 of the Realm of Zot)
 89561 | Zot:5    | Identified the "Oxih" (Sif Muna gifted it to you on level
                  | 5 of the Realm of Zot)
 89561 | Zot:5    | Identified the "Saestusm" (Sif Muna gifted it to you on
                  | level 5 of the Realm of Zot)
 89561 | Zot:5    | Identified the "Qaluergh" (Sif Muna gifted it to you on
                  | level 5 of the Realm of Zot)
 89561 | Zot:5    | Identified the of Luakosk (Sif Muna gifted it to you on
                  | level 5 of the Realm of Zot)
 89561 | Zot:5    | Identified the of Ofas (Sif Muna gifted it to you on level
                  | 5 of the Realm of Zot)
 89561 | Zot:5    | Identified the of Pitucwos (Sif Muna gifted it to you on
                  | level 5 of the Realm of Zot)
 89561 | Zot:5    | Identified the of Inibusir (Sif Muna gifted it to you on
                  | level 5 of the Realm of Zot)
 89561 | Zot:5    | Identified the "Keskese" (Sif Muna gifted it to you on
                  | level 5 of the Realm of Zot)
 89561 | Zot:5    | Identified the "Duacsieg" (Sif Muna gifted it to you on
                  | level 5 of the Realm of Zot)
 89561 | Zot:5    | Identified the "Paedue" (Sif Muna gifted it to you on
                  | level 5 of the Realm of Zot)
 89561 | Zot:5    | Identified the of Sowoh (Sif Muna gifted it to you on
                  | level 5 of the Realm of Zot)
 89561 | Zot:5    | Identified the "Neashioh" (Sif Muna gifted it to you on
                  | level 5 of the Realm of Zot)
 89561 | Zot:5    | Identified the "Gasetimi" (Sif Muna gifted it to you on
                  | level 5 of the Realm of Zot)
 89561 | Zot:5    | Identified the "Caemao" (Sif Muna gifted it to you on
                  | level 5 of the Realm of Zot)
 89561 | Zot:5    | Identified the "Esyadi" (Sif Muna gifted it to you on
                  | level 5 of the Realm of Zot)
 89561 | Zot:5    | Identified the of Waejecuv (Sif Muna gifted it to you on
                  | level 5 of the Realm of Zot)
 89561 | Zot:5    | Identified the "Veinoll" (Sif Muna gifted it to you on
                  | level 5 of the Realm of Zot)
 89561 | Zot:5    | Identified the "Vazxios" (Sif Muna gifted it to you on
                  | level 5 of the Realm of Zot)
 89561 | Zot:5    | Identified the "Peelaxked" (Sif Muna gifted it to you on
                  | level 5 of the Realm of Zot)
 89561 | Zot:5    | Identified the "Eraurach" (Sif Muna gifted it to you on
                  | level 5 of the Realm of Zot)
 89561 | Zot:5    | Identified the of Jafeq (Sif Muna gifted it to you on
                  | level 5 of the Realm of Zot)
 89561 | Zot:5    | Identified the "Ezyathru" (Sif Muna gifted it to you on
                  | level 5 of the Realm of Zot)
 89561 | Zot:5    | Identified the "Egom" (Sif Muna gifted it to you on level
                  | 5 of the Realm of Zot)
 89561 | Zot:5    | Identified the "Rixtuutu" (Sif Muna gifted it to you on
                  | level 5 of the Realm of Zot)
 89561 | Zot:5    | Identified the "Plog" (Sif Muna gifted it to you on level
                  | 5 of the Realm of Zot)
 89561 | Zot:5    | Identified the "Facreone" (Sif Muna gifted it to you on
                  | level 5 of the Realm of Zot)
 89561 | Zot:5    | Identified the of Uxaus (Sif Muna gifted it to you on
                  | level 5 of the Realm of Zot)
 89561 | Zot:5    | Identified the of Uditt (Sif Muna gifted it to you on
                  | level 5 of the Realm of Zot)
 89561 | Zot:5    | Identified the "Moifo" (Sif Muna gifted it to you on level
                  | 5 of the Realm of Zot)
 89561 | Zot:5    | Identified the "Efoecwuo" (Sif Muna gifted it to you on
                  | level 5 of the Realm of Zot)
 90092 | Zot:5    | Noticed an orb of fire
 90105 | Zot:5    | Killed an orb of fire
 90133 | Zot:5    | Noticed a Killer Klown
 90178 | Zot:5    | Killed a Killer Klown
 90178 | Zot:5    | Identified the "Fonaeph" (Sif Muna gifted it to you on
                  | level 5 of the Realm of Zot)
 90178 | Zot:5    | Identified the "Figuheni" (Sif Muna gifted it to you on
                  | level 5 of the Realm of Zot)
 90178 | Zot:5    | Identified the "Nuucveig" (Sif Muna gifted it to you on
                  | level 5 of the Realm of Zot)
 90178 | Zot:5    | Identified the "Qiog" (Sif Muna gifted it to you on level
                  | 5 of the Realm of Zot)
 90178 | Zot:5    | Identified the "Othrusergh" (Sif Muna gifted it to you on
                  | level 5 of the Realm of Zot)
 90178 | Zot:5    | Identified the of Potop (Sif Muna gifted it to you on
                  | level 5 of the Realm of Zot)
 90178 | Zot:5    | Identified the of Sol Sio (Sif Muna gifted it to you on
                  | level 5 of the Realm of Zot)
 90178 | Zot:5    | Identified the of Levotis (Sif Muna gifted it to you on
                  | level 5 of the Realm of Zot)
 90178 | Zot:5    | Identified the "Joec" (Sif Muna gifted it to you on level
                  | 5 of the Realm of Zot)
 90178 | Zot:5    | Identified the of Taerro (Sif Muna gifted it to you on
                  | level 5 of the Realm of Zot)
 90178 | Zot:5    | Identified the of Ryxt (Sif Muna gifted it to you on level
                  | 5 of the Realm of Zot)
 90178 | Zot:5    | Identified the "Vuluthoco" (Sif Muna gifted it to you on
                  | level 5 of the Realm of Zot)
 90178 | Zot:5    | Identified the "Nudurudo" (Sif Muna gifted it to you on
                  | level 5 of the Realm of Zot)
 90178 | Zot:5    | Identified the "Totuck" (Sif Muna gifted it to you on
                  | level 5 of the Realm of Zot)
 90178 | Zot:5    | Identified the "Vubu" (Sif Muna gifted it to you on level
                  | 5 of the Realm of Zot)
 90178 | Zot:5    | Identified the "Soonlig" (Sif Muna gifted it to you on
                  | level 5 of the Realm of Zot)
 90178 | Zot:5    | Identified the of Vagg (Sif Muna gifted it to you on level
                  | 5 of the Realm of Zot)
 90178 | Zot:5    | Identified the of Enipuduc (Sif Muna gifted it to you on
                  | level 5 of the Realm of Zot)
 90178 | Zot:5    | Identified the "Fejim" (Sif Muna gifted it to you on level
                  | 5 of the Realm of Zot)
 90178 | Zot:5    | Identified the "Xasueg" (Sif Muna gifted it to you on
                  | level 5 of the Realm of Zot)
 90178 | Zot:5    | Identified the "Uloeg" (Sif Muna gifted it to you on level
                  | 5 of the Realm of Zot)
 90178 | Zot:5    | Identified the "Puxta" (Sif Muna gifted it to you on level
                  | 5 of the Realm of Zot)
 90178 | Zot:5    | Identified the of Ogura (Sif Muna gifted it to you on
                  | level 5 of the Realm of Zot)
 90178 | Zot:5    | Identified the "Jesanesi" (Sif Muna gifted it to you on
                  | level 5 of the Realm of Zot)
 90178 | Zot:5    | Identified the of Coux (Sif Muna gifted it to you on level
                  | 5 of the Realm of Zot)
 90178 | Zot:5    | Identified the "Liqa" (Sif Muna gifted it to you on level
                  | 5 of the Realm of Zot)
 90178 | Zot:5    | Identified the of Arghazemp (Sif Muna gifted it to you on
                  | level 5 of the Realm of Zot)
 90178 | Zot:5    | Identified the "Wucvuis" (Sif Muna gifted it to you on
                  | level 5 of the Realm of Zot)
 90178 | Zot:5    | Identified the "Efeicirgh" (Sif Muna gifted it to you on
                  | level 5 of the Realm of Zot)
 90178 | Zot:5    | Identified the of Modudyum (Sif Muna gifted it to you on
                  | level 5 of the Realm of Zot)
 90178 | Zot:5    | Identified the "Tix Imal" (Sif Muna gifted it to you on
                  | level 5 of the Realm of Zot)
 90178 | Zot:5    | Identified the "Imebiacu" (Sif Muna gifted it to you on
                  | level 5 of the Realm of Zot)
 90178 | Zot:5    | Identified the of Coklepta (Sif Muna gifted it to you on
                  | level 5 of the Realm of Zot)
 90280 | Zot:5    | Identified the of Ukhoidwi (Sif Muna gifted it to you on
                  | level 5 of the Realm of Zot)
 90280 | Zot:5    | Identified the "Facvussa" (Sif Muna gifted it to you on
                  | level 5 of the Realm of Zot)
 90280 | Zot:5    | Identified the "Ugiyss" (Sif Muna gifted it to you on
                  | level 5 of the Realm of Zot)
 90280 | Zot:5    | Identified the of Empo (Sif Muna gifted it to you on level
                  | 5 of the Realm of Zot)
 90280 | Zot:5    | Identified the of Allonyts (Sif Muna gifted it to you on
                  | level 5 of the Realm of Zot)
 90280 | Zot:5    | Identified the of Tusoibac (Sif Muna gifted it to you on
                  | level 5 of the Realm of Zot)
 90280 | Zot:5    | Identified the "Eptoacse" (Sif Muna gifted it to you on
                  | level 5 of the Realm of Zot)
 90280 | Zot:5    | Identified the "Ytuz" (Sif Muna gifted it to you on level
                  | 5 of the Realm of Zot)
 90280 | Zot:5    | Identified the "Puyraud" (Sif Muna gifted it to you on
                  | level 5 of the Realm of Zot)
 90280 | Zot:5    | Identified the "Caxt" (Sif Muna gifted it to you on level
                  | 5 of the Realm of Zot)
 90280 | Zot:5    | Identified the of Vefisola (Sif Muna gifted it to you on
                  | level 5 of the Realm of Zot)
 90280 | Zot:5    | Identified the "Buday" (Sif Muna gifted it to you on level
                  | 5 of the Realm of Zot)
 90280 | Zot:5    | Identified the "Wacycra" (Sif Muna gifted it to you on
                  | level 5 of the Realm of Zot)
 90280 | Zot:5    | Identified the of Unnuuw (Sif Muna gifted it to you on
                  | level 5 of the Realm of Zot)
 90280 | Zot:5    | Identified the "Kuots" (Sif Muna gifted it to you on level
                  | 5 of the Realm of Zot)
 90280 | Zot:5    | Identified the "Sarut" (Sif Muna gifted it to you on level
                  | 5 of the Realm of Zot)
 90280 | Zot:5    | Identified the "Ylach" (Sif Muna gifted it to you on level
                  | 5 of the Realm of Zot)
 90280 | Zot:5    | Identified the of Qaileyte (Sif Muna gifted it to you on
                  | level 5 of the Realm of Zot)
 90280 | Zot:5    | Identified the "Raeho" (Sif Muna gifted it to you on level
                  | 5 of the Realm of Zot)
 90280 | Zot:5    | Identified the "Wuref" (Sif Muna gifted it to you on level
                  | 5 of the Realm of Zot)
 90280 | Zot:5    | Identified the "Diedauf" (Sif Muna gifted it to you on
                  | level 5 of the Realm of Zot)
 90280 | Zot:5    | Identified the "Aqiarent" (Sif Muna gifted it to you on
                  | level 5 of the Realm of Zot)
 90280 | Zot:5    | Identified the of Owuhicki (Sif Muna gifted it to you on
                  | level 5 of the Realm of Zot)
 90280 | Zot:5    | Identified the of Qares (Sif Muna gifted it to you on
                  | level 5 of the Realm of Zot)
 90280 | Zot:5    | Identified the "Zomorox" (Sif Muna gifted it to you on
                  | level 5 of the Realm of Zot)
 90280 | Zot:5    | Identified the "Hityink" (Sif Muna gifted it to you on
                  | level 5 of the Realm of Zot)
 90280 | Zot:5    | Identified the of Tomux (Sif Muna gifted it to you on
                  | level 5 of the Realm of Zot)
 90280 | Zot:5    | Identified the "Wujelyad" (Sif Muna gifted it to you on
                  | level 5 of the Realm of Zot)
 90301 | Zot:5    | Noticed a dread lich
 90312 | Zot:5    | Killed a dread lich
 90366 | Zot:5    | Noticed a Killer Klown
 90374 | Zot:5    | Killed a Killer Klown
 90458 | Zot:5    | Noticed a Killer Klown
 90468 | Zot:5    | Killed a Killer Klown
 90468 | Zot:5    | Identified the "Waotsoeph" (Sif Muna gifted it to you on
                  | level 5 of the Realm of Zot)
 90468 | Zot:5    | Identified the of Vota (Sif Muna gifted it to you on level
                  | 5 of the Realm of Zot)
 90468 | Zot:5    | Identified the of Sumyb (Sif Muna gifted it to you on
                  | level 5 of the Realm of Zot)
 90468 | Zot:5    | Identified the "Vuinat" (Sif Muna gifted it to you on
                  | level 5 of the Realm of Zot)
 90468 | Zot:5    | Identified the "Cilur" (Sif Muna gifted it to you on level
                  | 5 of the Realm of Zot)
 90468 | Zot:5    | Identified the of Vyrhuch (Sif Muna gifted it to you on
                  | level 5 of the Realm of Zot)
 90468 | Zot:5    | Identified the "Xecud" (Sif Muna gifted it to you on level
                  | 5 of the Realm of Zot)
 90468 | Zot:5    | Identified the of Qefev (Sif Muna gifted it to you on
                  | level 5 of the Realm of Zot)
 90468 | Zot:5    | Identified the "Tufithoy" (Sif Muna gifted it to you on
                  | level 5 of the Realm of Zot)
 90468 | Zot:5    | Identified the "Xesoytzo" (Sif Muna gifted it to you on
                  | level 5 of the Realm of Zot)
 90468 | Zot:5    | Identified the "Guawn" (Sif Muna gifted it to you on level
                  | 5 of the Realm of Zot)
 90468 | Zot:5    | Identified the "Xymyeb" (Sif Muna gifted it to you on
                  | level 5 of the Realm of Zot)
 90468 | Zot:5    | Identified the "Ejyrch" (Sif Muna gifted it to you on
                  | level 5 of the Realm of Zot)
 90468 | Zot:5    | Identified the "Himeok" (Sif Muna gifted it to you on
                  | level 5 of the Realm of Zot)
 90468 | Zot:5    | Identified the "Axkiwn" (Sif Muna gifted it to you on
                  | level 5 of the Realm of Zot)
 90468 | Zot:5    | Identified the of Dogyem (Sif Muna gifted it to you on
                  | level 5 of the Realm of Zot)
 90468 | Zot:5    | Identified the "Obrodok" (Sif Muna gifted it to you on
                  | level 5 of the Realm of Zot)
 90468 | Zot:5    | Identified the "Qaumippipt" (Sif Muna gifted it to you on
                  | level 5 of the Realm of Zot)
 90468 | Zot:5    | Identified the "Colid" (Sif Muna gifted it to you on level
                  | 5 of the Realm of Zot)
 90468 | Zot:5    | Identified the "Itisk" (Sif Muna gifted it to you on level
                  | 5 of the Realm of Zot)
 90468 | Zot:5    | Identified the "Paewu" (Sif Muna gifted it to you on level
                  | 5 of the Realm of Zot)
 90468 | Zot:5    | Identified the "Ruirrafa" (Sif Muna gifted it to you on
                  | level 5 of the Realm of Zot)
 90468 | Zot:5    | Identified the of Penni (Sif Muna gifted it to you on
                  | level 5 of the Realm of Zot)
 90468 | Zot:5    | Identified the "Ugeoxa" (Sif Muna gifted it to you on
                  | level 5 of the Realm of Zot)
 90468 | Zot:5    | Identified the "Monip" (Sif Muna gifted it to you on level
                  | 5 of the Realm of Zot)
 90468 | Zot:5    | Identified the "Hobylaliq" (Sif Muna gifted it to you on
                  | level 5 of the Realm of Zot)
 90468 | Zot:5    | Identified the "Xievouwk" (Sif Muna gifted it to you on
                  | level 5 of the Realm of Zot)
 90468 | Zot:5    | Identified the "Mayjuempya" (Sif Muna gifted it to you on
                  | level 5 of the Realm of Zot)
 90468 | Zot:5    | Identified the "Beqeruco" (Sif Muna gifted it to you on
                  | level 5 of the Realm of Zot)
 90468 | Zot:5    | Identified the "Oronitab" (Sif Muna gifted it to you on
                  | level 5 of the Realm of Zot)
 90545 | Zot:5    | Identified the "Sidesaem" (Sif Muna gifted it to you on
                  | level 5 of the Realm of Zot)
 90545 | Zot:5    | Identified the "Cynyiwk" (Sif Muna gifted it to you on
                  | level 5 of the Realm of Zot)
 90545 | Zot:5    | Identified the "Ushru" (Sif Muna gifted it to you on level
                  | 5 of the Realm of Zot)
 90545 | Zot:5    | Identified the "Zuwonko" (Sif Muna gifted it to you on
                  | level 5 of the Realm of Zot)
 90545 | Zot:5    | Identified the "Emexutor" (Sif Muna gifted it to you on
                  | level 5 of the Realm of Zot)
 90545 | Zot:5    | Identified the "Halaidan" (Sif Muna gifted it to you on
                  | level 5 of the Realm of Zot)
 90545 | Zot:5    | Identified the of Juodiocang (Sif Muna gifted it to you on
                  | level 5 of the Realm of Zot)
 90545 | Zot:5    | Identified the "Baduhoag" (Sif Muna gifted it to you on
                  | level 5 of the Realm of Zot)
 90545 | Zot:5    | Identified the "Tera" (Sif Muna gifted it to you on level
                  | 5 of the Realm of Zot)
 90545 | Zot:5    | Identified the of Ravud (Sif Muna gifted it to you on
                  | level 5 of the Realm of Zot)
 90545 | Zot:5    | Identified the of Utwehes (Sif Muna gifted it to you on
                  | level 5 of the Realm of Zot)
 90545 | Zot:5    | Identified the of Cuosua (Sif Muna gifted it to you on
                  | level 5 of the Realm of Zot)
 90545 | Zot:5    | Identified the "Pigus" (Sif Muna gifted it to you on level
                  | 5 of the Realm of Zot)
 90545 | Zot:5    | Identified the "Juetwent" (Sif Muna gifted it to you on
                  | level 5 of the Realm of Zot)
 90545 | Zot:5    | Identified the of Edwet (Sif Muna gifted it to you on
                  | level 5 of the Realm of Zot)
 90545 | Zot:5    | Identified the "Gimiv" (Sif Muna gifted it to you on level
                  | 5 of the Realm of Zot)
 90545 | Zot:5    | Identified the "Maecs" (Sif Muna gifted it to you on level
                  | 5 of the Realm of Zot)
 90545 | Zot:5    | Identified the of Gegoy (Sif Muna gifted it to you on
                  | level 5 of the Realm of Zot)
 90545 | Zot:5    | Identified the "Taboong" (Sif Muna gifted it to you on
                  | level 5 of the Realm of Zot)
 90545 | Zot:5    | Identified the "Suabool" (Sif Muna gifted it to you on
                  | level 5 of the Realm of Zot)
 90545 | Zot:5    | Identified the "Cuwuon" (Sif Muna gifted it to you on
                  | level 5 of the Realm of Zot)
 90545 | Zot:5    | Identified the of Vapnamm (Sif Muna gifted it to you on
                  | level 5 of the Realm of Zot)
 90545 | Zot:5    | Identified the of Caaq (Sif Muna gifted it to you on level
                  | 5 of the Realm of Zot)
 90545 | Zot:5    | Identified the "Falipaxt" (Sif Muna gifted it to you on
                  | level 5 of the Realm of Zot)
 90545 | Zot:5    | Identified the of Syji (Sif Muna gifted it to you on level
                  | 5 of the Realm of Zot)
 90545 | Zot:5    | Identified the "Zutoinar" (Sif Muna gifted it to you on
                  | level 5 of the Realm of Zot)
 90545 | Zot:5    | Identified the of Ahuonkeme (Sif Muna gifted it to you on
                  | level 5 of the Realm of Zot)
 90766 | Zot:5    | Identified the "Fiuni" (Sif Muna gifted it to you on level
                  | 5 of the Realm of Zot)
 90766 | Zot:5    | Identified the "Tap Pov" (Sif Muna gifted it to you on
                  | level 5 of the Realm of Zot)
 90766 | Zot:5    | Identified the "Kangen" (Sif Muna gifted it to you on
                  | level 5 of the Realm of Zot)
 90766 | Zot:5    | Identified the "Plog" (Sif Muna gifted it to you on level
                  | 5 of the Realm of Zot)
 90766 | Zot:5    | Identified the "Bivaubb" (Sif Muna gifted it to you on
                  | level 5 of the Realm of Zot)
 90766 | Zot:5    | Identified the "Axtethet" (Sif Muna gifted it to you on
                  | level 5 of the Realm of Zot)
 90766 | Zot:5    | Identified the of Binat (Sif Muna gifted it to you on
                  | level 5 of the Realm of Zot)
 90766 | Zot:5    | Identified the "Lewat" (Sif Muna gifted it to you on level
                  | 5 of the Realm of Zot)
 90766 | Zot:5    | Identified the of Ykhluh Peyci (Sif Muna gifted it to you
                  | on level 5 of the Realm of Zot)
 90766 | Zot:5    | Identified the "Jais" (Sif Muna gifted it to you on level
                  | 5 of the Realm of Zot)
 90766 | Zot:5    | Identified the "Weeddo" (Sif Muna gifted it to you on
                  | level 5 of the Realm of Zot)
 90766 | Zot:5    | Identified the "Gysch" (Sif Muna gifted it to you on level
                  | 5 of the Realm of Zot)
 90766 | Zot:5    | Identified the of Musenai (Sif Muna gifted it to you on
                  | level 5 of the Realm of Zot)
 90766 | Zot:5    | Identified the "Taog" (Sif Muna gifted it to you on level
                  | 5 of the Realm of Zot)
 90766 | Zot:5    | Identified the "Kohia" (Sif Muna gifted it to you on level
                  | 5 of the Realm of Zot)
 90766 | Zot:5    | Identified the of Xegocujeni (Sif Muna gifted it to you on
                  | level 5 of the Realm of Zot)
 90766 | Zot:5    | Identified the "Avyhev" (Sif Muna gifted it to you on
                  | level 5 of the Realm of Zot)
 90766 | Zot:5    | Identified the of Ittockyge (Sif Muna gifted it to you on
                  | level 5 of the Realm of Zot)
 90766 | Zot:5    | Identified the "Batwapp" (Sif Muna gifted it to you on
                  | level 5 of the Realm of Zot)
 90766 | Zot:5    | Identified the "Inkieqem" (Sif Muna gifted it to you on
                  | level 5 of the Realm of Zot)
 90766 | Zot:5    | Identified the "Buhesil" (Sif Muna gifted it to you on
                  | level 5 of the Realm of Zot)
 90766 | Zot:5    | Identified the "Erekuaxt" (Sif Muna gifted it to you on
                  | level 5 of the Realm of Zot)
 90766 | Zot:5    | Identified the "Buschof" (Sif Muna gifted it to you on
                  | level 5 of the Realm of Zot)
 90766 | Zot:5    | Identified the of Suazunt (Sif Muna gifted it to you on
                  | level 5 of the Realm of Zot)
 90766 | Zot:5    | Identified the of Uboischa (Sif Muna gifted it to you on
                  | level 5 of the Realm of Zot)
 90766 | Zot:5    | Identified the "Ajuwaove" (Sif Muna gifted it to you on
                  | level 5 of the Realm of Zot)
 90766 | Zot:5    | Identified the of Utyzilea (Sif Muna gifted it to you on
                  | level 5 of the Realm of Zot)
 90766 | Zot:5    | Identified the "Ramem" (Sif Muna gifted it to you on level
                  | 5 of the Realm of Zot)
 90892 | Zot:5    | Noticed a Killer Klown
 90901 | Zot:5    | Killed a Killer Klown
 91010 | Zot:5    | Noticed a Killer Klown
 91013 | Zot:5    | Noticed an orb of fire
 91040 | Zot:5    | Killed a Killer Klown
 91196 | Zot:5    | Noticed a Killer Klown
 91201 | Zot:5    | Identified the "Deceazoq" (Sif Muna gifted it to you on
                  | level 5 of the Realm of Zot)
 91201 | Zot:5    | Identified the of Tainkir (Sif Muna gifted it to you on
                  | level 5 of the Realm of Zot)
 91201 | Zot:5    | Identified the of Qaarph (Sif Muna gifted it to you on
                  | level 5 of the Realm of Zot)
 91201 | Zot:5    | Identified the "Tomos" (Sif Muna gifted it to you on level
                  | 5 of the Realm of Zot)
 91201 | Zot:5    | Identified the "Joasuecw" (Sif Muna gifted it to you on
                  | level 5 of the Realm of Zot)
 91201 | Zot:5    | Identified the "Miruhiv" (Sif Muna gifted it to you on
                  | level 5 of the Realm of Zot)
 91201 | Zot:5    | Identified the "Sawafe" (Sif Muna gifted it to you on
                  | level 5 of the Realm of Zot)
 91201 | Zot:5    | Identified the "Yrghuuh" (Sif Muna gifted it to you on
                  | level 5 of the Realm of Zot)
 91201 | Zot:5    | Identified the "Vacytto" (Sif Muna gifted it to you on
                  | level 5 of the Realm of Zot)
 91201 | Zot:5    | Identified the "Haixilic" (Sif Muna gifted it to you on
                  | level 5 of the Realm of Zot)
 91201 | Zot:5    | Identified the "Owoylir" (Sif Muna gifted it to you on
                  | level 5 of the Realm of Zot)
 91201 | Zot:5    | Identified the "Ipuc Ygo" (Sif Muna gifted it to you on
                  | level 5 of the Realm of Zot)
 91201 | Zot:5    | Identified the of Obuefegau (Sif Muna gifted it to you on
                  | level 5 of the Realm of Zot)
 91201 | Zot:5    | Identified the of Caeqik (Sif Muna gifted it to you on
                  | level 5 of the Realm of Zot)
 91201 | Zot:5    | Identified the "Vyakexan" (Sif Muna gifted it to you on
                  | level 5 of the Realm of Zot)
 91201 | Zot:5    | Identified the "Vixzuruxt" (Sif Muna gifted it to you on
                  | level 5 of the Realm of Zot)
 91201 | Zot:5    | Identified the "Anuy" (Sif Muna gifted it to you on level
                  | 5 of the Realm of Zot)
 91201 | Zot:5    | Identified the of Hunkag (Sif Muna gifted it to you on
                  | level 5 of the Realm of Zot)
 91201 | Zot:5    | Identified the of Sobek (Sif Muna gifted it to you on
                  | level 5 of the Realm of Zot)
 91201 | Zot:5    | Identified the "Xod Tyo" (Sif Muna gifted it to you on
                  | level 5 of the Realm of Zot)
 91201 | Zot:5    | Identified the of Gaerph (Sif Muna gifted it to you on
                  | level 5 of the Realm of Zot)
 91201 | Zot:5    | Identified the "Voecuvaf" (Sif Muna gifted it to you on
                  | level 5 of the Realm of Zot)
 91201 | Zot:5    | Identified the of Nejietisch (Sif Muna gifted it to you on
                  | level 5 of the Realm of Zot)
 91201 | Zot:5    | Identified the "Narak" (Sif Muna gifted it to you on level
                  | 5 of the Realm of Zot)
 91201 | Zot:5    | Identified the "Axteceaps" (Sif Muna gifted it to you on
                  | level 5 of the Realm of Zot)
 91201 | Zot:5    | Identified the "Ymusor" (Sif Muna gifted it to you on
                  | level 5 of the Realm of Zot)
 91201 | Zot:5    | Identified the of Aletieqyw (Sif Muna gifted it to you on
                  | level 5 of the Realm of Zot)
 91201 | Zot:5    | Identified the "Qeid" (Sif Muna gifted it to you on level
                  | 5 of the Realm of Zot)
 91201 | Zot:5    | Identified the of Utibum (Sif Muna gifted it to you on
                  | level 5 of the Realm of Zot)
 91201 | Zot:5    | Identified the of Meathrize (Sif Muna gifted it to you on
                  | level 5 of the Realm of Zot)
 91201 | Zot:5    | Identified the "Rorosouf" (Sif Muna gifted it to you on
                  | level 5 of the Realm of Zot)
 91201 | Zot:5    | Identified the "Jeseit" (Sif Muna gifted it to you on
                  | level 5 of the Realm of Zot)
 91203 | Zot:5    | Identified the of Mesoita (Sif Muna gifted it to you on
                  | level 5 of the Realm of Zot)
 91203 | Zot:5    | Identified the of Lihemnay (Sif Muna gifted it to you on
                  | level 5 of the Realm of Zot)
 91203 | Zot:5    | Identified the of Hiacyow (Sif Muna gifted it to you on
                  | level 5 of the Realm of Zot)
 91203 | Zot:5    | Identified the of Nuimissi (Sif Muna gifted it to you on
                  | level 5 of the Realm of Zot)
 91203 | Zot:5    | Identified the "Duymat" (Sif Muna gifted it to you on
                  | level 5 of the Realm of Zot)
 91203 | Zot:5    | Identified the of Yfu Xex (Sif Muna gifted it to you on
                  | level 5 of the Realm of Zot)
 91203 | Zot:5    | Identified the of Rissoy (Sif Muna gifted it to you on
                  | level 5 of the Realm of Zot)
 91203 | Zot:5    | Identified the of Mufu (Sif Muna gifted it to you on level
                  | 5 of the Realm of Zot)
 91203 | Zot:5    | Identified the "Henkaiz" (Sif Muna gifted it to you on
                  | level 5 of the Realm of Zot)
 91203 | Zot:5    | Identified the "Xiazegi" (Sif Muna gifted it to you on
                  | level 5 of the Realm of Zot)
 91203 | Zot:5    | Identified the of Roimuwka (Sif Muna gifted it to you on
                  | level 5 of the Realm of Zot)
 91203 | Zot:5    | Identified the "Qaolitt" (Sif Muna gifted it to you on
                  | level 5 of the Realm of Zot)
 91203 | Zot:5    | Identified the "Faoz" (Sif Muna gifted it to you on level
                  | 5 of the Realm of Zot)
 91203 | Zot:5    | Identified the "Coix" (Sif Muna gifted it to you on level
                  | 5 of the Realm of Zot)
 91203 | Zot:5    | Identified the "Addyoqoh" (Sif Muna gifted it to you on
                  | level 5 of the Realm of Zot)
 91203 | Zot:5    | Identified the "Fihisy" (Sif Muna gifted it to you on
                  | level 5 of the Realm of Zot)
 91203 | Zot:5    | Identified the "Dobrat" (Sif Muna gifted it to you on
                  | level 5 of the Realm of Zot)
 91203 | Zot:5    | Identified the of Biososs (Sif Muna gifted it to you on
                  | level 5 of the Realm of Zot)
 91203 | Zot:5    | Identified the "Wukhap" (Sif Muna gifted it to you on
                  | level 5 of the Realm of Zot)
 91203 | Zot:5    | Identified the "Mienul" (Sif Muna gifted it to you on
                  | level 5 of the Realm of Zot)
 91203 | Zot:5    | Identified the "Baeff" (Sif Muna gifted it to you on level
                  | 5 of the Realm of Zot)
 91203 | Zot:5    | Identified the of Xanaruv (Sif Muna gifted it to you on
                  | level 5 of the Realm of Zot)
 91203 | Zot:5    | Identified the "Befeth" (Sif Muna gifted it to you on
                  | level 5 of the Realm of Zot)
 91203 | Zot:5    | Identified the of Pekeimn (Sif Muna gifted it to you on
                  | level 5 of the Realm of Zot)
 91203 | Zot:5    | Identified the "Tumuforr" (Sif Muna gifted it to you on
                  | level 5 of the Realm of Zot)
 91203 | Zot:5    | Identified the "Ittetare" (Sif Muna gifted it to you on
                  | level 5 of the Realm of Zot)
 91203 | Zot:5    | Identified the of Eqiloamechu (Sif Muna gifted it to you
                  | on level 5 of the Realm of Zot)
 91203 | Zot:5    | Identified the of Wumiv (Sif Muna gifted it to you on
                  | level 5 of the Realm of Zot)
 91212 | Zot:5    | Killed a Killer Klown
 91212 | Zot:5    | Identified the "Meinlir" (Sif Muna gifted it to you on
                  | level 5 of the Realm of Zot)
 91212 | Zot:5    | Identified the "Ovurr" (Sif Muna gifted it to you on level
                  | 5 of the Realm of Zot)
 91212 | Zot:5    | Identified the "Inody" (Sif Muna gifted it to you on level
                  | 5 of the Realm of Zot)
 91212 | Zot:5    | Identified the "Dixej" (Sif Muna gifted it to you on level
                  | 5 of the Realm of Zot)
 91212 | Zot:5    | Identified the "Gapezxuss" (Sif Muna gifted it to you on
                  | level 5 of the Realm of Zot)
 91212 | Zot:5    | Identified the of Raaroolom (Sif Muna gifted it to you on
                  | level 5 of the Realm of Zot)
 91212 | Zot:5    | Identified the "Coipic" (Sif Muna gifted it to you on
                  | level 5 of the Realm of Zot)
 91212 | Zot:5    | Identified the "Tipo War" (Sif Muna gifted it to you on
                  | level 5 of the Realm of Zot)
 91212 | Zot:5    | Identified the of Fussit (Sif Muna gifted it to you on
                  | level 5 of the Realm of Zot)
 91212 | Zot:5    | Identified the "Wed Fosuuxu" (Sif Muna gifted it to you on
                  | level 5 of the Realm of Zot)
 91212 | Zot:5    | Identified the "Juavaniu" (Sif Muna gifted it to you on
                  | level 5 of the Realm of Zot)
 91212 | Zot:5    | Identified the "Quuk" (Sif Muna gifted it to you on level
                  | 5 of the Realm of Zot)
 91212 | Zot:5    | Identified the "Suxzol" (Sif Muna gifted it to you on
                  | level 5 of the Realm of Zot)
 91212 | Zot:5    | Identified the "Luezoist" (Sif Muna gifted it to you on
                  | level 5 of the Realm of Zot)
 91212 | Zot:5    | Identified the "Ujealaxa" (Sif Muna gifted it to you on
                  | level 5 of the Realm of Zot)
 91212 | Zot:5    | Identified the "Ycatiodips" (Sif Muna gifted it to you on
                  | level 5 of the Realm of Zot)
 91212 | Zot:5    | Identified the of Cettoixehi (Sif Muna gifted it to you on
                  | level 5 of the Realm of Zot)
 91212 | Zot:5    | Identified the "Zomanupn" (Sif Muna gifted it to you on
                  | level 5 of the Realm of Zot)
 91212 | Zot:5    | Identified the "Viujoemp" (Sif Muna gifted it to you on
                  | level 5 of the Realm of Zot)
 91212 | Zot:5    | Identified the of Nolodax (Sif Muna gifted it to you on
                  | level 5 of the Realm of Zot)
 91212 | Zot:5    | Identified the of Puirigus (Sif Muna gifted it to you on
                  | level 5 of the Realm of Zot)
 91212 | Zot:5    | Identified the "Ifiguv" (Sif Muna gifted it to you on
                  | level 5 of the Realm of Zot)
 91212 | Zot:5    | Identified the "Zoifroid" (Sif Muna gifted it to you on
                  | level 5 of the Realm of Zot)
 91212 | Zot:5    | Identified the of Wannexij (Sif Muna gifted it to you on
                  | level 5 of the Realm of Zot)
 91212 | Zot:5    | Identified the "Pyeviy Ecli" (Sif Muna gifted it to you on
                  | level 5 of the Realm of Zot)
 91212 | Zot:5    | Identified the of Bomuirch (Sif Muna gifted it to you on
                  | level 5 of the Realm of Zot)
 91212 | Zot:5    | Identified the of Xeath (Sif Muna gifted it to you on
                  | level 5 of the Realm of Zot)
 91212 | Zot:5    | Identified the "Enodea" (Sif Muna gifted it to you on
                  | level 5 of the Realm of Zot)
 91212 | Zot:5    | Identified the of Inkil (Sif Muna gifted it to you on
                  | level 5 of the Realm of Zot)
 91212 | Zot:5    | Identified the "Doreajahu" (Sif Muna gifted it to you on
                  | level 5 of the Realm of Zot)
 91213 | Zot:5    | Reached skill level 10 in Evocations
 91236 | Zot:5    | Noticed a Killer Klown
 91259 | Zot:5    | Noticed a Killer Klown
 91260 | Zot:5    | Noticed an ancient lich
 91276 | Zot:5    | Killed a Killer Klown
 91277 | Zot:5    | Killed an ancient lich
 91289 | Zot:5    | Killed a Killer Klown
 91289 | Zot:5    | Identified the "Ruonot" (Sif Muna gifted it to you on
                  | level 5 of the Realm of Zot)
 91289 | Zot:5    | Identified the "Taoll" (Sif Muna gifted it to you on level
                  | 5 of the Realm of Zot)
 91289 | Zot:5    | Identified the of Diess (Sif Muna gifted it to you on
                  | level 5 of the Realm of Zot)
 91289 | Zot:5    | Identified the "Femaeh" (Sif Muna gifted it to you on
                  | level 5 of the Realm of Zot)
 91289 | Zot:5    | Identified the of Qoces (Sif Muna gifted it to you on
                  | level 5 of the Realm of Zot)
 91289 | Zot:5    | Identified the "Unigihil" (Sif Muna gifted it to you on
                  | level 5 of the Realm of Zot)
 91289 | Zot:5    | Identified the "Lilo" (Sif Muna gifted it to you on level
                  | 5 of the Realm of Zot)
 91289 | Zot:5    | Identified the of Qaef (Sif Muna gifted it to you on level
                  | 5 of the Realm of Zot)
 91289 | Zot:5    | Identified the of Empiurot (Sif Muna gifted it to you on
                  | level 5 of the Realm of Zot)
 91289 | Zot:5    | Identified the "Nutzenoc" (Sif Muna gifted it to you on
                  | level 5 of the Realm of Zot)
 91289 | Zot:5    | Identified the of Omuqorghag (Sif Muna gifted it to you on
                  | level 5 of the Realm of Zot)
 91289 | Zot:5    | Identified the "Qerch" (Sif Muna gifted it to you on level
                  | 5 of the Realm of Zot)
 91289 | Zot:5    | Identified the "Matoinam" (Sif Muna gifted it to you on
                  | level 5 of the Realm of Zot)
 91289 | Zot:5    | Identified the of Naquit (Sif Muna gifted it to you on
                  | level 5 of the Realm of Zot)
 91289 | Zot:5    | Identified the "Koudgh" (Sif Muna gifted it to you on
                  | level 5 of the Realm of Zot)
 91289 | Zot:5    | Identified the "Funumann" (Sif Muna gifted it to you on
                  | level 5 of the Realm of Zot)
 91289 | Zot:5    | Identified the of Nyuskug (Sif Muna gifted it to you on
                  | level 5 of the Realm of Zot)
 91289 | Zot:5    | Identified the "Homis" (Sif Muna gifted it to you on level
                  | 5 of the Realm of Zot)
 91289 | Zot:5    | Identified the of Gunefiva (Sif Muna gifted it to you on
                  | level 5 of the Realm of Zot)
 91289 | Zot:5    | Identified the of Asemyewn (Sif Muna gifted it to you on
                  | level 5 of the Realm of Zot)
 91289 | Zot:5    | Identified the "Fuor" (Sif Muna gifted it to you on level
                  | 5 of the Realm of Zot)
 91289 | Zot:5    | Identified the "Duelumuk" (Sif Muna gifted it to you on
                  | level 5 of the Realm of Zot)
 91289 | Zot:5    | Identified the "Nucviphi" (Sif Muna gifted it to you on
                  | level 5 of the Realm of Zot)
 91289 | Zot:5    | Identified the "Ycoloreo" (Sif Muna gifted it to you on
                  | level 5 of the Realm of Zot)
 91289 | Zot:5    | Identified the of Luxzoaz (Sif Muna gifted it to you on
                  | level 5 of the Realm of Zot)
 91289 | Zot:5    | Identified the "Raurph" (Sif Muna gifted it to you on
                  | level 5 of the Realm of Zot)
 91289 | Zot:5    | Identified the of Cumic (Sif Muna gifted it to you on
                  | level 5 of the Realm of Zot)
 91289 | Zot:5    | Identified the "Xaqyb" (Sif Muna gifted it to you on level
                  | 5 of the Realm of Zot)
 91289 | Zot:5    | Identified the "Xampuime" (Sif Muna gifted it to you on
                  | level 5 of the Realm of Zot)
 91289 | Zot:5    | Identified the "Perah" (Sif Muna gifted it to you on level
                  | 5 of the Realm of Zot)
 91317 | Zot:5    | Killed an orb of fire
 91863 | Zot:5    | Identified the of Qicito (Sif Muna gifted it to you on
                  | level 5 of the Realm of Zot)
 91863 | Zot:5    | Identified the "Saavig" (Sif Muna gifted it to you on
                  | level 5 of the Realm of Zot)
 91863 | Zot:5    | Identified the of Usiytin (Sif Muna gifted it to you on
                  | level 5 of the Realm of Zot)
 91863 | Zot:5    | Identified the "Boosmyp" (Sif Muna gifted it to you on
                  | level 5 of the Realm of Zot)
 91863 | Zot:5    | Identified the "Vuczif Casu" (Sif Muna gifted it to you on
                  | level 5 of the Realm of Zot)
 91863 | Zot:5    | Identified the "Gext" (Sif Muna gifted it to you on level
                  | 5 of the Realm of Zot)
 91863 | Zot:5    | Identified the "Seceph" (Sif Muna gifted it to you on
                  | level 5 of the Realm of Zot)
 91863 | Zot:5    | Identified the of Mustrezam (Sif Muna gifted it to you on
                  | level 5 of the Realm of Zot)
 91863 | Zot:5    | Identified the "Kuulogus" (Sif Muna gifted it to you on
                  | level 5 of the Realm of Zot)
 91863 | Zot:5    | Identified the "Mets" (Sif Muna gifted it to you on level
                  | 5 of the Realm of Zot)
 91863 | Zot:5    | Identified the of Noixziocs (Sif Muna gifted it to you on
                  | level 5 of the Realm of Zot)
 91863 | Zot:5    | Identified the of Uwnois (Sif Muna gifted it to you on
                  | level 5 of the Realm of Zot)
 91863 | Zot:5    | Identified the "Enuosi" (Sif Muna gifted it to you on
                  | level 5 of the Realm of Zot)
 91863 | Zot:5    | Identified the "Ophawn" (Sif Muna gifted it to you on
                  | level 5 of the Realm of Zot)
 91863 | Zot:5    | Identified the "Dugar" (Sif Muna gifted it to you on level
                  | 5 of the Realm of Zot)
 91863 | Zot:5    | Identified the "Boahiezi" (Sif Muna gifted it to you on
                  | level 5 of the Realm of Zot)
 91863 | Zot:5    | Identified the of Buczup (Sif Muna gifted it to you on
                  | level 5 of the Realm of Zot)
 91863 | Zot:5    | Identified the "Miloh" (Sif Muna gifted it to you on level
                  | 5 of the Realm of Zot)
 91863 | Zot:5    | Identified the of Qaexyfui (Sif Muna gifted it to you on
                  | level 5 of the Realm of Zot)
 91863 | Zot:5    | Identified the "Zuuhu" (Sif Muna gifted it to you on level
                  | 5 of the Realm of Zot)
 91863 | Zot:5    | Identified the "Jyoff" (Sif Muna gifted it to you on level
                  | 5 of the Realm of Zot)
 91863 | Zot:5    | Identified the "Futzoama" (Sif Muna gifted it to you on
                  | level 5 of the Realm of Zot)
 91863 | Zot:5    | Identified the "Buawne" (Sif Muna gifted it to you on
                  | level 5 of the Realm of Zot)
 91863 | Zot:5    | Identified the "Furch" (Sif Muna gifted it to you on level
                  | 5 of the Realm of Zot)
 91863 | Zot:5    | Identified the of Fasot (Sif Muna gifted it to you on
                  | level 5 of the Realm of Zot)
 91863 | Zot:5    | Identified the of Rammutwe (Sif Muna gifted it to you on
                  | level 5 of the Realm of Zot)
 91863 | Zot:5    | Identified the of Ytuuzeank (Sif Muna gifted it to you on
                  | level 5 of the Realm of Zot)
 91863 | Zot:5    | Identified the of Nuwikulo (Sif Muna gifted it to you on
                  | level 5 of the Realm of Zot)
 91863 | Zot:5    | Identified the "Myegarch" (Sif Muna gifted it to you on
                  | level 5 of the Realm of Zot)
 92282 | Zot:5    | Got the Orb of Zot
 92326 | Zot:4    | Noticed Arrin the pandemonium lord
 92327 | Zot:4    | Identified the "Jiatubb" (Sif Muna gifted it to you on
                  | level 4 of the Realm of Zot)
 92327 | Zot:4    | Identified the "Ozxiex" (Sif Muna gifted it to you on
                  | level 4 of the Realm of Zot)
 92327 | Zot:4    | Identified the of Rashegec (Sif Muna gifted it to you on
                  | level 4 of the Realm of Zot)
 92327 | Zot:4    | Identified the "Cudue" (Sif Muna gifted it to you on level
                  | 4 of the Realm of Zot)
 92327 | Zot:4    | Identified the of Ziar Patt (Sif Muna gifted it to you on
                  | level 4 of the Realm of Zot)
 92327 | Zot:4    | Identified the "Itypi" (Sif Muna gifted it to you on level
                  | 4 of the Realm of Zot)
 92327 | Zot:4    | Identified the "Jiusong" (Sif Muna gifted it to you on
                  | level 4 of the Realm of Zot)
 92327 | Zot:4    | Identified the of Wuevvat (Sif Muna gifted it to you on
                  | level 4 of the Realm of Zot)
 92327 | Zot:4    | Identified the "Wulehi" (Sif Muna gifted it to you on
                  | level 4 of the Realm of Zot)
 92327 | Zot:4    | Identified the of Dorph (Sif Muna gifted it to you on
                  | level 4 of the Realm of Zot)
 92327 | Zot:4    | Identified the "Aratsyqi" (Sif Muna gifted it to you on
                  | level 4 of the Realm of Zot)
 92327 | Zot:4    | Identified the of Wotuso Fapp (Sif Muna gifted it to you
                  | on level 4 of the Realm of Zot)
 92327 | Zot:4    | Identified the of Cuckid (Sif Muna gifted it to you on
                  | level 4 of the Realm of Zot)
 92327 | Zot:4    | Identified the "Murioh" (Sif Muna gifted it to you on
                  | level 4 of the Realm of Zot)
 92327 | Zot:4    | Identified the "Forogirr" (Sif Muna gifted it to you on
                  | level 4 of the Realm of Zot)
 92327 | Zot:4    | Identified the "Duargh" (Sif Muna gifted it to you on
                  | level 4 of the Realm of Zot)
 92327 | Zot:4    | Identified the of Deyky (Sif Muna gifted it to you on
                  | level 4 of the Realm of Zot)
 92327 | Zot:4    | Identified the of Omiemper (Sif Muna gifted it to you on
                  | level 4 of the Realm of Zot)
 92327 | Zot:4    | Identified the "Vinuoh" (Sif Muna gifted it to you on
                  | level 4 of the Realm of Zot)
 92327 | Zot:4    | Identified the of Fuekk (Sif Muna gifted it to you on
                  | level 4 of the Realm of Zot)
 92327 | Zot:4    | Identified the of Boeheor (Sif Muna gifted it to you on
                  | level 4 of the Realm of Zot)
 92327 | Zot:4    | Identified the "Pujiu" (Sif Muna gifted it to you on level
                  | 4 of the Realm of Zot)
 92327 | Zot:4    | Identified the of Voirausehy (Sif Muna gifted it to you on
                  | level 4 of the Realm of Zot)
 92327 | Zot:4    | Identified the of Caomodd (Sif Muna gifted it to you on
                  | level 4 of the Realm of Zot)
 92327 | Zot:4    | Identified the "Ruot" (Sif Muna gifted it to you on level
                  | 4 of the Realm of Zot)
 92327 | Zot:4    | Identified the "Xasofaps" (Sif Muna gifted it to you on
                  | level 4 of the Realm of Zot)
 92327 | Zot:4    | Identified the of Farch (Sif Muna gifted it to you on
                  | level 4 of the Realm of Zot)
 92327 | Zot:4    | Identified the of Ojunur (Sif Muna gifted it to you on
                  | level 4 of the Realm of Zot)
 92327 | Zot:4    | Identified the of Vonlaj (Sif Muna gifted it to you on
                  | level 4 of the Realm of Zot)
 92327 | Zot:4    | Identified the of Abepsoew (Sif Muna gifted it to you on
                  | level 4 of the Realm of Zot)
 92327 | Zot:4    | Identified the "Jedin" (Sif Muna gifted it to you on level
                  | 4 of the Realm of Zot)
 92327 | Zot:4    | Identified the of Qebloi (Sif Muna gifted it to you on
                  | level 4 of the Realm of Zot)
 92329 | Zot:4    | Killed Arrin the pandemonium lord
 92645 | Depths:1 | Identified the of Tousaplo (Sif Muna gifted it to you on
                  | level 1 of the Depths)
 92645 | Depths:1 | Identified the "Moplikur" (Sif Muna gifted it to you on
                  | level 1 of the Depths)
 92645 | Depths:1 | Identified the "Paiwekk" (Sif Muna gifted it to you on
                  | level 1 of the Depths)
 92645 | Depths:1 | Identified the "Jamek" (Sif Muna gifted it to you on level
                  | 1 of the Depths)
 92645 | Depths:1 | Identified the of Vupamib (Sif Muna gifted it to you on
                  | level 1 of the Depths)
 92645 | Depths:1 | Identified the "Pureosk" (Sif Muna gifted it to you on
                  | level 1 of the Depths)
 92645 | Depths:1 | Identified the of Jiom (Sif Muna gifted it to you on level
                  | 1 of the Depths)
 92645 | Depths:1 | Identified the "Isuhyniq" (Sif Muna gifted it to you on
                  | level 1 of the Depths)
 92645 | Depths:1 | Identified the "Ofumnoer" (Sif Muna gifted it to you on
                  | level 1 of the Depths)
 92645 | Depths:1 | Identified the "Ygidis" (Sif Muna gifted it to you on
                  | level 1 of the Depths)
 92645 | Depths:1 | Identified the of Hateer (Sif Muna gifted it to you on
                  | level 1 of the Depths)
 92645 | Depths:1 | Identified the "Ogifyasm" (Sif Muna gifted it to you on
                  | level 1 of the Depths)
 92645 | Depths:1 | Identified the "Patoung" (Sif Muna gifted it to you on
                  | level 1 of the Depths)
 92645 | Depths:1 | Identified the of Cyih (Sif Muna gifted it to you on level
                  | 1 of the Depths)
 92645 | Depths:1 | Identified the of Batulel (Sif Muna gifted it to you on
                  | level 1 of the Depths)
 92645 | Depths:1 | Identified the of Omeph (Sif Muna gifted it to you on
                  | level 1 of the Depths)
 92645 | Depths:1 | Identified the "Tuad" (Sif Muna gifted it to you on level
                  | 1 of the Depths)
 92645 | Depths:1 | Identified the of Zeci (Sif Muna gifted it to you on level
                  | 1 of the Depths)
 92645 | Depths:1 | Identified the "Liatuze" (Sif Muna gifted it to you on
                  | level 1 of the Depths)
 92645 | Depths:1 | Identified the "Sefrext" (Sif Muna gifted it to you on
                  | level 1 of the Depths)
 92645 | Depths:1 | Identified the "Siestaesh" (Sif Muna gifted it to you on
                  | level 1 of the Depths)
 92645 | Depths:1 | Identified the of Fiderat (Sif Muna gifted it to you on
                  | level 1 of the Depths)
 92645 | Depths:1 | Identified the "Ginicric" (Sif Muna gifted it to you on
                  | level 1 of the Depths)
 92645 | Depths:1 | Identified the "Zuah" (Sif Muna gifted it to you on level
                  | 1 of the Depths)
 92645 | Depths:1 | Identified the "Kuduulow" (Sif Muna gifted it to you on
                  | level 1 of the Depths)
 92645 | Depths:1 | Identified the "Ilaru" (Sif Muna gifted it to you on level
                  | 1 of the Depths)
 92645 | Depths:1 | Identified the "Exukho" (Sif Muna gifted it to you on
                  | level 1 of the Depths)
 92645 | Depths:1 | Identified the "Sihyudit" (Sif Muna gifted it to you on
                  | level 1 of the Depths)
 92645 | Depths:1 | Identified the "Xeofash" (Sif Muna gifted it to you on
                  | level 1 of the Depths)
 92645 | Depths:1 | Identified the "Bolyxoh" (Sif Muna gifted it to you on
                  | level 1 of the Depths)
 92645 | Depths:1 | Identified the of Nipt (Sif Muna gifted it to you on level
                  | 1 of the Depths)
 92645 | Depths:1 | Identified the "Jedefro" (Sif Muna gifted it to you on
                  | level 1 of the Depths)
 93035 | D:1      | gg
 93036 | D:$      | Escaped with the Orb!

Illustrated notes

#...#.[..## #.####....######....>
....#.....###.###..##............
.......#...#..##..###.####..##...
...###.#..........##..# #.. ##..
.......#..........##.## #.# ##.
#...#.....#.......##.# ##.# #.#
#.. #.###.#.......#..####.## #.#
.. #.. ..#..........##....## #.#
. ...# ....#..@###....##..###.#
###s# ### #...###..######..... e#
....#..).##...######.##. .)
#...............##..### ##
#)###...D..###.....####
#..........#####...###.
....#.....#..# #.#.##.. ###
#.....##.## #.......
#D....###.###.......


Turn 8497 on D:6: ffs #PPPP......P.PPP#>....###.##..#
#PPPPP.P.P.PP.PP#.............# #PPPPP.....PPPPP#.#.##.#...##.#
#PPP..PP.PP..PP.....##........# #PP.PP....PPP.PP...(..........#
#PP.PP.PPP.PP.PP...!.........## #P.PP.PP.PP.PP.P....####.÷.###
###P.P.PP.P.PP.P.P....# #...# .....P.P.PPP.P.P@P###.# ##.## ###P.P.PP.P.PP.P.P#
#.# #.# ###P.PP.PP.PP.PP.P# #.# #)# ....P.PP.PPP.PP.PP# #.# #.#
##.PP.PPP...PPP.PP###.## #.# #..PP..PPPPP..PPP##...####.#
#.PPPPP.....PPPPP..........# ##.PPPPPPPPPPPPPPP##...######
...PPPPPPPPPPPPPPP###.## Turn 93035 on D:1: gg

Levels and vault maps discovered:
D:1:      roderic_crop_circles_arrival_small, layout_loops_ring,
          dreamdust_ecumenical_altar_drowned_temple, minmay_3d_cube
D:2:      layout_basic, serial_shops, shop_statue, palyth_stone_intersect
D:3:      layout_loops_corners, ebering_ghost_sewer_f, minmay_misc_feat_iff,
          uniq_robin, uniq_sigmund, uniq_natasha
D:4:      layout_cave_pods, st_stairs_13
D:5:      cheibrodos_fzero, layout_rooms, nicolae_kikubaaqudgha_miasma_corner,
          mainiacjoe_overflow_alcove_4, gup_ossuary_entry_pyramid,
          portal_sewer_entry_e
D:6:      hangedman_cross_stitches, layout_layer_cave, dancing_weapons_uskayaw,
          serial_undead, serial_undead_e, serial_undead_c, serial_undead_e,
          serial_undead_f, hangedman_decor_growths, kennysheep_generic_room_11,
          uniq_duvessa
D:7:      layout_basic, minmay_temple_entry_statues_pillars, uniq_prince_ribbit1
D:8:      layout_loops_ring, enter_bailey_6, nicolae_custom_books,
          chequers_serial_rivers_room_b, uniq_psyche
D:9:      layout_stronghold, jmf_multi_god_temple2, david_lair_shrubbed,
          minmay_guarded_unrand_resistance
D:10:     layout_roguey, lemuel_doored_altar, gammafunk_temple_overflow_statue,
          feat_on_display
D:11:     layout_basic
D:12:     layout_cave_pods, minmay_orc_entry_guard_dogs, serial_shops,
          nicolae_shop_tiny_statue_garden
D:13:     minmay_dotted_concentric_squares, layout_basic,
          lightli_vaults_fourway_checkpoint
D:14:     layout_loops_ring, special_room [special_room_orc],
          gauntlet_entry_generic, lemuel_nasty_fountain
D:15:     grunt_enter_depths_magical_seal, layout_cave_pools, serial_shops,
          shop_statue, amethyst_killhole
Lair:1:   layout_big_grid
Lair:2:   layout_cave_pods, swamp_mist_pool, pdpol_lair_neglected_garden,
          nicolae_lair_lil_pond, lemuel_fruit_tree, lemuel_fruit_fields,
          uniq_nergalle
Lair:3:   gammafunk_mikee_crab_dinner, layout_regular_city,
          alex1729_snake_entry_snake, enter_volcano_2, cheibrodos_lair_lostbears
Lair:4:   layout_loops_ring, ice2_lemuel
Lair:5:   minmay_lair_end_frog_pond, layout_cave_pods, slime_entry_1
Swamp:1:  layout_basic_swamp, evilmike_swamp_ruin_rubble_1, swamp_pool_5,
          nicolae_swamp_triple_paths, nicolae_swamp_bean_lake,
          hangedman_swamp_grove
Swamp:2:  nzn_winding_woodlands_cross [nzn_winding_woodlands_5x15_sidewinder,
          nzn_winding_woodlands_5x15_garden, nzn_winding_woodlands_5x15_pool,
          nzn_winding_woodlands_5x15_river_crossing,
          nzn_winding_woodlands_15x15_thick_spiral], layout_basic_swamp,
          serial_swamp_ruin, evilmike_swamp_ruin_house_2,
          evilmike_swamp_ruin_house_5
Swamp:3:  layout_basic_swamp, gammafunk_ghost_grave,
          evilmike_swamp_ruin_rubble_2
Swamp:4:  swamp_basic_johnstein, layout_basic_swamp
Snake:1:  layout_basic, special_room, portal_ice_cave_entry_ugly_swarm,
          nicolae_snake_salamander_fort, uniq_roxanne
Snake:2:  layout_gridlike, abandoned_shop, serial_bayou_lagoon_a,
          grunt_megastairs_5, minmay_shoptagon
Snake:3:  layout_rooms, statue_in_the_mist_lemuel, uniq_aizul, uniq_asterion
Snake:4:  grunt_snake_rune_serpentine_throne, layout_layer_cave, serial_shops,
          nicolae_shop_peninsula
Slime:1:  layout_caves, basic_altar, nicolae_slime_getting_an_eyeful
Slime:2:  layout_caves
Slime:3:  layout_caves, cheibrodos_slime_lost_civilization_7
Slime:4:  layout_caves
Slime:5:  slime_pit
Orc:1:    layout_caves, gammafunk_ghost_necromancy
Orc:2:    st_orc_town, layout_caves, nicolae_shop_vocational
Elf:1:    eino_elf_arrival_sip, layout_geoelf_octagon, minmay_elf_demonology,
          uniq_kirke
Elf:2:    nicolae_elf_blades_splatter_lattice
          [nicolae_blade_entry_hurt_lockers], layout_geoelf_diagonals,
          serial_shops, nicolae_shop_waterfront, not_door_vault_mu,
          nicolae_elf_martial_mastery
Elf:3:    minmay_elf_hall_four_x, layout_loops_cross, serial_co_window_serial,
          co_window_corner_a, co_window_paths_b, co_window_corner_a,
          co_window_corner_a, co_window_paths_b, co_window_paths_a,
          co_window_of_opportunity_a, co_window_of_opportunity_c,
          co_window_2corner, co_window_unsneaky_path_d, glass_columns_a,
          serial_shops, nicolae_shop_tiny_waterfront, shop,
          nicolae_shop_scrapyard, shop, nicolae_shop_real_fake_doors
Vaults:1: nicolae_vaults_closet_pinwheel_6, vaults_dpeg_spiral,
          hangedman_vaults_nails, nicolae_vaults_storage_closets_2,
          nicolae_vaults_windows_and_doors_thing, v_misc_33, v_misc_16,
          nicolae_vaults_surprise_closet, nicolae_vaults_trapezoid_2,
          layout_vaults_chaotic_city, uniq_donald
Vaults:2: nicolae_vaults_border_crossing, nicolae_vaults_trapezoid_2,
          nicolae_vaults_twisting_passages,
          nicolae_vaults_offset_grid_hallway_1, v_pattern_3,
          nicolae_vaults_mini_display_case, hangedman_vaults_corner,
          nicolae_vaults_weapon_check, nicolae_vaults_shipping_containers_3,
          serial_ice_b, nicolae_vaults_variable_pillar_hall,
          nicolae_vaults_variable_pillar_hall, layout_vaults_omnicross,
          serial_shops, bzr_entry_water, uniq_jory
Vaults:3: st_lattice, nicolae_vaults_storage_closets_1, v_rooms_6,
          minmay_crypt_entry_simple_corners, nicolae_vaults_cochlea, v_misc_18,
          nicolae_vaults_asterisk, nicolae_vaults_mitosis,
          nicolae_vaults_sightless_eye, nicolae_vaults_more_shelving_2,
          v_alt_pattern_1, vaults_room_mumra_shop_pool,
          ontoclasm_vaults_loading_screen, nicolae_vaults_variable_pillar_hall,
          layout_vaults_ring, uniq_margery
Vaults:4: gammafunk_ghost_split, v_misc_18, nicolae_vaults_spaceships,
          grunt_vaults_hallway_long, grunt_vaults_trifunnel,
          nicolae_vaults_variable_pillar_hall, v_misc_33, v_misc_9, v_misc_27,
          nicolae_vaults_double_plus_1, ontoclasm_vaults_gateway,
          nicolae_vaults_shelves_hall, nicolae_vaults_double_plus_1,
          layout_vaults_omnibox, serial_shops, shop, uniq_mennas, uniq_mara
Depths:1: layout_twisted_cross, enter_ziggurat_d, rand_demon_pan_entry_5,
          pf_hell_entry_tar_river, chequers_serial_rivers_small_3,
          hangedman_research_metamorphosis, uniq_saint_roka
Depths:2: thingy_vault, layout_basic, hell_entry, pan_entry,
          lemuel_flamethrower_1, infiniplex_staircase_x
Depths:3: kennysheep_demon_jail, layout_gridlike, hell_entry, ashenzari_altar_1,
          abyss_entry, serial_corexii_hall, corexii_hall_statues_x,
          chequers_hall_statues_y, minmay_staircase_windowed_large,
          uniq_enchantress, uniq_grunn
Depths:4: evilmike_zot_entry_basic, layout_gridlike, hell_entry,
          nicolae_ru_awakened_eye, grunt_megastairs_4
Zot:1:    layout_basic, regret_index_zotdec_gossamer_parallel,
          st_large_dragon_hoard_1, regret_index_zotdec_banners
Zot:2:    layout_cathedral_of_symmetry, nicolae_tricolors
Zot:3:    layout_gridlike
Zot:4:    layout_onion, hangedman_spider_trapstep, uniq_tiamat
Zot:5:    layout_concentric_octagons

Skill      XL: |  1  2  3  4  5  6  7  8  9 10 11 12 13 14 15 16 17 18 19 20 21 22 23 24 25 |
---------------+----------------------------------------------------------------------------+-----
Conjurations   | 1 2 3 6 8 9 10 12 13 14 15 17 | 17.0
Spellcasting   | 3 4 5 7 10 12 13 15 16 17 18 20 | 20.0
Fighting       | 1 3 6 8 10 12 17 18 | 18.2
Air Magic      | 4 5 6 7 8 9 |  9.0
Invocations    | 2 3 5 7 8 9 10 14 15 | 15.0
Evocations     | 2 4 10 | 10.0
Transmutations | 2 5 7 8 9 |  9.0
Dodging        | 4 7 9 10 11 | 11.0
Shields        | 4 6 8 12 | 12.0
Summonings     | 9 11 14 15 | 15.0
Earth Magic    | 4 12 13 15 | 15.0
Stealth        | |  1.5

Action                     |  1- 3 |  4- 6 |  7- 9 | 10-12 | 13-15 | 16-18 | 19-21 | 22-24 | 25-27 || total
---------------------------+-------+-------+-------+-------+-------+-------+-------+-------+-------++-------
  Melee: Unarmed           |    21 |       |       |       |       |       |       |       |       ||    21
         Club              |    19 |       |       |       |       |       |       |       |       ||    19
         Dagger            |    20 |       |       |   222 |   756 |  1590 |   588 |       |       ||  3176
         Whip              |    17 |    24 |   130 |       |       |       |       |       |       ||   171
         Short sword       |       |       |    22 |    19 |       |       |       |       |       ||    41
         Punch             |       |       |     3 |       |       |       |       |       |       ||     3
         Staff             |       |       |       |       |       |       |   427 |   639 |   209 ||  1275
   Cast: Shock             |    62 |   114 |   279 |   302 |   287 |       |       |       |       ||  1044
         Swiftness         |       |     3 |       |     1 |     1 |       |       |       |       ||     5
         Airstrike         |       |     2 |    48 |   173 |   101 |    20 |     7 |       |       ||   351
         Static Discharge  |       |       |    12 |     7 |       |       |       |       |       ||    19
         Irradiate         |       |       |       |    45 |   182 |   235 |   178 |   129 |    11 ||   780
         Arcjolt           |       |       |       |     1 |    49 |   143 |   124 |   136 |       ||   453
         Spellforged Servi |       |       |       |       |       |       |    61 |   122 |    48 ||   231
         Summon Horrible T |       |       |       |       |       |       |     1 |       |       ||     1
         Summon Cactus Gia |       |       |       |       |       |       |    15 |    20 |     2 ||    37
         Bombard           |       |       |       |       |       |       |       |    11 |    15 ||    26
         Monstrous Menager |       |       |       |       |       |       |       |    32 |    30 ||    62
         Conjure Ball Ligh |       |       |       |       |       |       |       |    22 |     2 ||    24
 Invoke: Channel Magic     |       |       |     2 |     5 |    17 |    15 |    14 |    12 |     2 ||    67
         Divine Exegesis   |       |       |       |       |       |       |     1 |       |       ||     1
  Evoke: Wand              |       |       |     8 |     5 |     7 |       |     1 |       |     3 ||    24
         Phial of floods   |       |       |       |       |       |     1 |     1 |       |       ||     2
    Use: Scroll            |     4 |     3 |    13 |     6 |     7 |     4 |    10 |    15 |     2 ||    64
   Stab: Sleeping          |     1 |       |     1 |     3 |     4 |     7 |       |       |       ||    16
         Paralysed         |       |       |     8 |     5 |     5 |       |       |       |       ||    18
         Distracted        |       |       |       |       |     1 |     2 |     6 |    15 |     3 ||    27
 Armour: Robe              |    35 |    34 |   227 |   169 |    18 |   101 |   539 |   942 |   263 ||  2328
         Steam dragon scal |       |       |       |    32 |   554 |       |       |       |       ||   586
         Troll leather arm |       |       |       |       |   132 |  1062 |   461 |       |       ||  1655
  Dodge: Dodged            |    48 |    27 |   162 |   213 |  1081 |  1558 |  1207 |   641 |   196 ||  5133
  Block: Buckler           |       |       |       |   111 |   577 |    85 |       |       |       ||   773
         Kite shield       |       |       |       |       |       |  1617 |  1416 |   775 |   217 ||  4025

Table legend: (Time is in decaauts)
 A = Elapsed time spent in this place.
 B = Non-inter-level travel time spent in this place.
 C = Inter-level travel time spent in this place.
 D = Time resting spent in this place.
 E = Time spent auto-exploring this place.
 F = Levels seen in this place.
 G = Mean time per level.
                   A        B        C        D        E       F      G
               +--------+--------+--------+--------+--------+-----+--------+
         Total |  94684 |  88897 |   5787 |  37499 |  29747 |  59 | 1604.8 |
       Dungeon |  26287 |  23782 |   2505 |  10408 |   8665 |  15 | 1752.5 |
          Lair |  10819 |  10087 |    732 |   4777 |   3169 |   5 | 2163.8 |
         Swamp |   6608 |   6412 |    196 |   2298 |   2319 |   4 | 1652.0 |
     Snake Pit |   7001 |   6678 |    323 |   2537 |   2027 |   4 | 1750.2 |
    Slime Pits |   4526 |   4363 |    163 |   2677 |    473 |   5 |  905.2 |
  Orcish Mines |   1943 |   1622 |    321 |    417 |    711 |   2 |  971.5 |
   Elven Halls |   5733 |   5380 |    353 |   2019 |   1970 |   3 | 1911.0 |
        Vaults |   8678 |   8433 |    245 |   3323 |   2698 |   4 | 2169.5 |
        Depths |   7273 |   6761 |    512 |   2649 |   2501 |   4 | 1818.2 |
           Zot |  11067 |  10634 |    433 |   4538 |   3849 |   5 | 2213.4 |
         Abyss |    569 |    569 |      0 |    153 |      0 |   1 |  569.0 |
        Bazaar |    112 |    112 |      0 |      0 |     56 |   1 |  112.0 |
         Sewer |    730 |    730 |      0 |     76 |    502 |   1 |  730.0 |
       Ossuary |    410 |    410 |      0 |    208 |     70 |   1 |  410.0 |
        Bailey |    842 |    842 |      0 |    445 |    208 |   1 |  842.0 |
      Ice Cave |   1415 |   1415 |      0 |    706 |    383 |   1 | 1415.0 |
       Volcano |     21 |     21 |      0 |      0 |      0 |   1 |   21.0 |
      Gauntlet |    644 |    644 |      0 |    267 |    142 |   1 |  644.0 |
               +--------+--------+--------+--------+--------+-----+--------+

Top non-repeatable levels by time:
   Zot:5: 3816 daAuts
  Lair:5: 3588 daAuts
    D:12: 3228 daAuts
     D:6: 2887 daAuts
Vaults:2: 2851 daAuts
   Zot:3: 2691 daAuts
   Elf:3: 2566 daAuts
     D:9: 2549 daAuts
Vaults:1: 2351 daAuts
  Lair:3: 2298 daAuts
 Snake:4: 2170 daAuts
    D:13: 2137 daAuts
 Snake:2: 2073 daAuts
  Lair:2: 2050 daAuts
Depths:4: 2007 daAuts
